 Dungeon Crawl Stone Soup version 0.17-a0-1181-gabc46e6 (webtiles) character file.

10880827 Vikmgn the Invulnerable (level 27, 218/218 HPs)
             Began as a Minotaur Fighter on May 30, 2015.
             Was the Champion of Makhleb.
             Escaped with the Orb
             ... and 15 runes on May 31, 2015!
             The game lasted 11:16:25 (155804 turns).

Vikmgn the Invulnerable (Minotaur Fighter)        Turns: 155804, Time: 11:16:25

Health: 218/218    AC: 43    Str: 29    XL:     27
Magic:  53/53      EV: 24    Int:  6    God:    Makhleb [******]
Gold:   19286      SH: 34    Dex: 15    Spells: 5 memorised, 58 levels left

rFire  + + .     SeeInvis +     C - +9 eudemon blade (holy)
rCold  + + +     Clarity  .     D - +8 plate armour of the Failed Coup {rF+ rC+ Stlth+}
rNeg   + + +     SustAt   .     B - +6 large shield of Vifith {rC++ rCorr Str+2 Dex-4}
rPois  .         Gourm    .     t - +3 crown of Eternal Torment {rTorment HP-- rN+++ SInv *Curse}
rElec  +         Spirit   .     X - +0 cloak of the Comet {rElec rCorr Slay+5 Stlth-}
rCorr  +         Warding  .     J - +2 pair of gloves {Dex+3}
rMut   +         Stasis   .     N - +2 pair of boots {Fly}
MR     +++..                    g - amulet "Decoel" {rMut +Inv}
Stlth  ..........               R - ring of protection from magic
                                b - ring of protection from fire

@: flying, extremely resistant to hostile enchantments, extremely unstealthy
A: retaliatory headbutt, horns 2
a: Minor Destruction, Lesser Servant of Makhleb, Major Destruction, Greater
Servant of Makhleb, Renounce Religion, Evoke Invisibility, Stop Flying
0: Orb of Zot
}: 15/15 runes: serpentine, barnacled, slimy, silver, golden, iron, obsidian,
icy, bone, abyssal, demonic, glowing, magical, fiery, dark


You escaped.
You worshipped Makhleb.
Makhleb was exalted by your worship.
You were not hungry.

You visited 18 branches of the dungeon, and saw 94 of its levels.
You visited Pandemonium 9 times, and saw 42 of its levels.
You visited the Abyss 7 times.
You visited 2 ziggurats, and saw 31 of their levels (deepest: 18).
You also visited: Trove and Ice Cave.

You collected 20804 gold pieces.
You spent 1518 gold pieces at shops.

Inventory:

Hand weapons
 C - a +9 eudemon blade of holy wrath (weapon)
Missiles
 w - 44 steel javelins (quivered)
Armour
 a - the +2 cloak of Starlight {rElec rC+ EV+4 Stlth--}
   (You found it on level 9 of the Dungeon)

   It affects your evasion (+4).
   It protects you from cold.
   It insulates you from electricity.
   It makes you much less stealthy.
 t - the +3 crown of Eternal Torment (worn) {rTorment HP-- rN+++ SInv *Curse}
   (You found it on level 2 of the Depths)

   It renders you almost immune to negative energy.
   It lets you see invisible.
   It may re-curse itself when equipped.
 B - the +6 large shield of Vifith (worn) {rC++ rCorr Str+2 Dex-4}
   (You took it off a daeva in Pandemonium)

   It affects your strength (+2).
   It affects your dexterity (-4).
   It greatly protects you from cold.
   It protects you from acid and corrosion.
 D - the +8 plate armour of the Failed Coup (worn) {rF+ rC+ Stlth+}
   (Okawaru gifted it to you on level 2 of the Depths)

   It protects you from fire.
   It protects you from cold.
   It makes you more stealthy.
 J - a +2 pair of gloves of dexterity (worn)
 N - a +2 pair of boots of flying (worn)
 X - the +0 cloak of the Comet (worn) {rElec rCorr Slay+5 Stlth-}
   (You found it on level 10 of a ziggurat)

   It affects your accuracy and damage with ranged weapons and melee attacks
   (+5).
   It insulates you from electricity.
   It protects you from acid and corrosion.
   It makes you less stealthy.
Rods
 W - a cursed -1 rod of ignition (10/10)
   (You found it on level 5 of the Realm of Zot)
Jewellery
 b - a ring of protection from fire (left hand)
 g - the amulet "Decoel" (around neck) {rMut +Inv}
   (You found it on level 7 of Tartarus)

   [amulet of resist mutation]

   It protects you from mutation.
   It lets you turn invisible.
 l - an uncursed ring of sustain attributes
 q - the ring "Udobluw" {rC+ SInv}
   (You found it on level 7 of Gehenna)

   [ring of protection from cold]

   It protects you from cold.
   It lets you see invisible.
 r - an uncursed amulet of stasis
 R - a ring of protection from magic (right hand)
Magical devices
 x - a wand of draining (10)
 E - a wand of heal wounds (6)
 F - a wand of disintegration (12)
 O - a wand of digging (14)
 T - a wand of teleportation (7)
 U - a wand of magic darts (26)
Scrolls
 e - 2 scrolls of acquirement
 j - 24 scrolls of identify
 m - 46 scrolls of remove curse
 o - a scroll of fear
 p - 29 scrolls of teleportation
 v - a scroll of enchant armour
 z - a scroll of amnesia
 A - 6 scrolls of blinking
 H - 5 scrolls of summoning
 P - 15 scrolls of fog
 Y - 4 scrolls of magic mapping
Potions
 c - 5 potions of cure mutation
 d - 11 potions of might
 i - 2 potions of agility
 k - 3 potions of haste
 s - 25 potions of curing
 u - 3 potions of brilliance
 G - 2 potions of resistance
 I - 4 potions of heal wounds
 L - 4 potions of cancellation
 Q - a potion of invisibility
Miscellaneous
 y - a legendary deck of changes {the Potion}
 K - a legendary deck of changes {Wild Magic, drawn: 1}
 V - a legendary deck of defence {Damnation}
Comestibles
 h - 20 bread rations


   Skills:
 O Level 27 Fighting
 O Level 27 Long Blades
 - Level 1.3 Maces & Flails
 - Level 13.5 Throwing
 O Level 27 Armour
 O Level 27 Dodging
 O Level 27 Shields
 O Level 27 Spellcasting
 - Level 19.3 Charms
 - Level 0.4 Translocations
 * Level 22.3 Air Magic
 O Level 27 Invocations


You had 58 spell levels left.
You knew the following spells:

 Your Spells              Type           Power        Failure   Level  Hunger
a - Spectral Weapon       Hex/Chrm       ###.....     1%          3    None
b - Deflect Missiles      Chrm/Air       ####......   1%          6    ######.
c - Regeneration          Chrm/Necr      ###.......   1%          3    None
d - Haste                 Chrm           ####....     1%          6    ######.
e - Control Teleport      Chrm/Tloc      ###.......   1%          4    ###....


Dungeon Overview and Level Annotations

Branches:
Dungeon (15/15)            Temple (1/1) D:6            Lair (8/8) D:10
 Shoals (4/4) Lair:3        Snake (4/4) Lair:5        Slime (6/6) Lair:6
    Orc (4/4) D:9             Elf (3/3) Orc:3        Vaults (5/5) D:14
  Crypt (3/3) Vaults:3       Tomb (3/3) Crypt:3      Depths (5/5) D:15
   Hell (1/1)                 Dis (7/7) Hell            Geh (7/7) Hell
    Coc (7/7) Hell            Tar (7/7) Hell            Zot (5/5) Depths:5

Altars:
Ashenzari
Cheibriados
Dithmenos
Elyvilon
Fedhas
Gozag
Kikubaaqudgha
Makhleb
Nemelex Xobeh
Okawaru
Qazlal
Ru
Sif Muna
Trog
Vehumet
Xom
Yredelemnul
Zin
The Shining One
Beogh

Shops:
D:4 %   Orc:1 [   Orc:4 }![[*   Elf:3 %   Vaults:1 }   Depths:2 [

Portals:
Hell: Depths:1 Depths:2 Depths:3 Depths:4 Depths:5
Abyss: Depths:3 Depths:4
Pandemonium: Orc:4 Depths:1 Depths:3 Depths:4
Ziggurat: Depths:3

Annotations:
D:10 exclusion: downstairs
Elf:2 3 runed doors
Depths:2 3 runed doors
Geh:7 2 exclusions


Innate Abilities, Weirdness & Mutations

You reflexively headbutt those who attack you in melee.
You have a pair of horns on your head.


Message History

You block the white imp's attack.
You completely miss the white imp. You headbutt the white imp!
The white imp is almost dead.
You slice the white imp!!
You kill the white imp!
Makhleb accepts your kill.
No target in view!
No target in view!
(D) Dungeon (T) Temple (L) Lair (A) Shoals (P) Snake Pit (M) Slime Pits (O) Orcish Mines (E) Elven Halls (V) Vaults (C) Crypt (W) Tomb (U) Depths (H) Hell (I) Dis (G) Gehenna (X) Cocytus (Y) Tartarus (Z) Zot
Where to? (Enter - D:1, ? - help)
There is a stone staircase leading up here.
You fly upwards.
You sense a powerful magical force warping space.
There is a stone staircase leading down here.
There is a staircase leading out of the dungeon here.
You have escaped!

##....####.....^.....#####.......
##.##..........#.....# #.......#.
...##.#..####..#.#######.........
.#......## ##.#.......#.......#.
.#####..# #.###..##.##....#.#.
##......## ##......##.##........
#..≈§§§..####..≈≈≈≈.(#.##........
#.≈≈§§§§......≈≈≈≈≈≈.#.##........
#.≈≈§§§≈......≈≈@>≈≈.#....#......
#.§§≈≈≈≈......≈.≈≈≈≈.####.#......
#§.§§≈§§...#...≈≈≈≈..# #.#(.....
.....§.....##.......## #.......#
#.........########### #########
########### # # ##


There were no monsters in sight!

Vanquished Creatures
  Cerebov (Pan)
  Antaeus (Coc:7)
  Asmodeus (Geh:7)
  the royal jelly (Slime:6)
  Dissolution (Slime:4)
  Ereshkigal (Tar:7)
  Gloorx Vloq (Pan)
  the Serpent of Hell (Dis:7)
  A seraph (Pan)
  Mnoleg (Pan)
  Lom Lobon (Pan)
  Dispater (Dis:7)
  6 orbs of fire
  15 ancient liches
  Mara (Crypt:2)
  Mennas (Pan)
  The ghost of 4thArraOfDagon the Warrior, an awesomely powerful FoAr of Ru (Zig:16)
  33 greater mummies
  Sojobo (Vaults:3)
  Frederick (Vaults:3)
  Margery (Crypt:2)
  8 shard shrikes
  Saint Roka (Vaults:4)
  The ghost of onwiheg the Phalangite, a great MiBe of Trog (Zig:12)
  6 Killer Klowns
  42 pandemonium lords
  Geryon (Hell)
  17 golden dragons
  Jory (Vaults:3)
  2 pearl dragons (Pan)
  19 bone dragons
  20 liches
  2 profane servitors
  2 electric golems (Zot:5)
  18 tentacled monstrosities
  26 Brimstone Fiends
  A hellephant (Tar:7)
  30 Orb Guardians
  Rupert (Vaults:3)
  23 titans
  26 Hell Sentinels
  6 deep elf blademasters (Pan)
  42 Ice Fiends
  43 acid blobs
  An acid blob (shapeshifter) (Zig:9)
  7 quicksilver dragons
  8 deep elf master archers
  A quicksilver dragon (shapeshifter) (Zig:16)
  51 Shadow Fiends
  Murray (Hell)
  33 tentacled starspawn
  2 krakens
  56 Executioners
  15 ancient champions
  9 sphinxes
  3 eldritch tentacles
  9 tengu reavers
  Agnes (Vaults:3)
  Frances (Shoals:2)
  An octopode crusher (Depths:2)
  15 shadow dragons
  2 thorn hunters
  A shadow dragon (shapeshifter) (Zig:9)
  An azure jelly (shapeshifter) (Zig:12)
  13 storm dragons
  7 greater nagas
  26 daevas
  13 revenants
  13 azure jellies
  30 fire giants
  2 draconian monks
  Ilsuiw (Shoals:4)
  Wiglaf (Vaults:3)
  6 deep elf sorcerers
  51 cacodemons
  A ghost moth (shapeshifter) (Vaults:5)
  Maud (Lair:4)
  5 draconian knights
  3 draconian scorchers
  3 orc warlords
  4 ghost moths
  Aizul (Lair:5)
  58 balrugs
  27 frost giants
  10 curse skulls
  2 caustic shrike zombies (Zig:10)
  15 iron dragons
  31 angels (Pan)
  6 draconian zealots
  25 warmongers
  31 very ugly things
  20 vault wardens
  2 draconian shifters (Zot:2)
  7 ghouls
  19 ironheart preservers
  5 draconian annihilators
  102 reapers
  4 war gargoyles
  18 ophanim
  3 draconian callers
  2 caustic shrike skeletons
  8 deep elf demonologists
  3 elemental wellsprings (Coc:7)
  12 vampire knights
  37 stone giants
  The ghost of asdu the Slicer, a powerful VSAK of Lugonu (D:15)
  18 corrupters (Pan)
  6 red draconians
  10 black draconians
  6 green draconians
  7 white draconians
  10 salamander firebrands
  17 blood saints (Pan)
  7 dire elephants (Abyss:4)
  A spectral titan (Tomb:3)
  8 bennus
  8 purple draconians
  33 apis (Pan)
  14 deep elf annihilators
  19 yellow draconians
  12 mottled draconians
  A dire elephant (shapeshifter) (Zig:16)
  33 chaos champions
  33 lorocyprocas
  22 black suns
  12 eidola
  18 mummy priests
  Snorg (Orc:1)
  7 merfolk javelineers
  A spectral quicksilver dragon (Tomb:3)
  13 deep elf death magi
  21 ettins
  A minotaur (shapeshifter) (Zig:12)
  27 vault guards
  The ghost of MordorOrchid the Grappler, a powerful TrBe of Trog (IceCv)
  15 fire dragons
  31 green deaths
  6 deep elf high priests
  16 merfolk impalers
  66 blizzard demons
  10 crystal guardians
  17 jiangshi
  11 rakshasas
  5 death oozes
  12 yaktaur captains
  8 quicksilver dragon zombies
  A kraken zombie (Coc:7)
  12 hydras
  36 ice dragons
  4 death cobs
  8 entropy weavers
  4 quicksilver dragon skeletons
  An ice dragon (shapeshifter) (Zig:16)
  17 great orbs of eyes
  10 naga warriors
  9 death knights
  50 monstrous demonspawn (Pan)
  7 catoblepae
  5 centaur warriors
  A catoblepas (shapeshifter) (Zig:16)
  A ghost crab (Tar:7)
  3 merfolk avatars
  An alligator snapping turtle (Shoals:4)
  28 hell beasts
  6 spriggan air magi
  12 vampire magi
  2 anacondas
  A ghost crab (shapeshifter) (Zig:9)
  2 merfolk aquamancers (Shoals:4)
  9 dancing weapons
  8 alligators
  64 thrashing horrors
  5 salamander stormcallers
  19 ogre magi
  7 deep troll shamans
  9 tengu warriors
  13 hell hogs
  18 death yaks
  3 satyrs
  5 orc high priests
  4 shock serpents
  4 spriggan berserkers
  10 deep troll earth magi
  11 naga sharpshooters
  55 hell knights
  6 storm dragon zombies
  82 soul eaters
  76 sun demons
  4 titan zombies
  Nergalle (Orc:1)
  24 deep elf knights
  6 titan skeletons
  17 iron trolls
  26 wretched stars
  89 small abominations
  56 gelid demonspawn
  2 sea snakes (shapeshifter)
  67 death scarabs
  An iron golem (Dis:4)
  A fire crab (shapeshifter) (Vaults:1)
  8 storm dragon skeletons
  13 giant orange brains
  147 skeletal warriors
  58 ice devils
  11 salamander mystics
  9 spatial maelstroms
  A spectral anaconda (Crypt:2)
  16 cherubim (Pan)
  8 death drakes
  3 golden dragon zombies
  3 fire crabs
  3 ghost moth zombies
  34 deep trolls
  A spriggan druid (Zig:13)
  4 anaconda zombies
  7 unseen horrors
  6 sea snakes
  51 putrid demonspawn (Pan)
  13 flayed ghosts
  8 deep elf summoners
  A spectral iron dragon (Hell)
  7 hill giants
  7 ice statues
  An obsidian statue (Zot:5)
  8 shadow wraiths
  30 necromancers
  2 naga ritualists
  16 ironbrand convokers
  45 torturous demonspawn
  10 shadow dragon zombies
  3 golden dragon skeletons
  12 orc knights
  51 infernal demonspawn
  38 shadow demons
  2 sphinx zombies
  4 fauns
  A lindwurm (Zig:12)
  11 wolf spider zombies
  5 wolf spiders
  18 harpies
  17 deep elf conjurers
  A harpy (shapeshifter) (Vaults:5)
  2 orb spiders (Abyss:4)
  7 frost giant zombies
  An anubis guard (shapeshifter) (Zig:16)
  4 swamp dragons
  6 anaconda skeletons
  A hornet (shapeshifter) (Abyss:1)
  A mana viper (shapeshifter) (Depths:4)
  2 iron dragon zombies
  18 griffons
  18 anubis guards
  10 mana vipers
  A shadow dragon skeleton (Dis:7)
  9 stone giant zombies
  45 ugly things
  28 phantasmal warriors
  13 orc sorcerers
  28 salamanders
  3 hornets
  2 orb spiders (shapeshifter)
  111 sixfirhies
  13 shining eyes
  12 wizards
  A black mamba (shapeshifter) (Vaults:4)
  24 worldbinders
  11 oklob plants
  9 fire giant zombies
  A wolf spider (shapeshifter) (Zig:9)
  12 sirens
  3 dire elephant zombies
  11 manticores
  6 apocalypse crabs
  8 iron dragon skeletons
  3 shock serpent zombies
  A sphinx skeleton (Vaults:3)
  23 black mambas
  10 moths of wrath
  3 stone giant skeletons
  7 water nymphs
  8 cyclopes
  11 elephants
  An eye of devastation (shapeshifter) (Vaults:5)
  8 frost giant skeletons
  2 molten gargoyles (Geh:7)
  4 eyes of devastation
  52 rust devils
  46 hellions
  3 fire giant skeletons
  An elephant (shapeshifter) (Zig:9)
  2 gargoyles
  6 guardian serpents
  A torpor snail (Lair:6)
  3 drowned souls (Shoals:3)
  159 smoke demons
  16 vault sentinels
  A grey draconian zombie (Crypt:2)
  17 naga magi
  An elephant slug zombie (Crypt:1)
  An orange crystal statue (Zig:1)
  4 human zombies
  114 orange demons
  A mottled draconian zombie (Zot:2)
  14 komodo dragons
  10 spiny frogs
  3 shock serpent skeletons
  7 dire elephant skeletons
  3 yellow draconian zombies (Zot:2)
  16 spectral swamp worms
  31 efreet
  A spiny frog (shapeshifter) (Depths:4)
  A green draconian zombie (Zot:2)
  A yaktaur (shapeshifter) (Zig:16)
  An alligator snapping turtle skeleton (Crypt:1)
  17 demonic crawlers
  4 kobold demonologists
  A yaktaur zombie (Vaults:2)
  2 white draconian zombies
  2 wolf spider simulacra
  133 hellwings
  An anaconda simulacrum (Coc:7)
  37 yaktaurs
  14 deep elf priests
  50 tormentors
  A harpy zombie (Dis:7)
  14 hydra zombies
  A tengu simulacrum (Depths:2)
  A catoblepas skeleton (Geh:3)
  A black draconian skeleton (Crypt:2)
  A grey draconian skeleton (Crypt:3)
  26 ancient zymes
  88 red devils
  8 human skeletons
  63 blue devils
  2 queen bees (shapeshifter)
  4 tengu conjurers
  A polar bear (shapeshifter) (Depths:4)
  40 guardian mummies
  7 trolls
  13 fire drakes
  49 freezing wraiths
  23 two-headed ogres
  3 jumping spiders
  45 merfolk
  A sphinx simulacrum (Vaults:3)
  2 wind drakes (shapeshifter)
  4 fire vortices
  2 jumping spiders (shapeshifter)
  7 wind drakes
  2 polar bears
  45 blink frogs
  4 silent spectres
  12 snapping turtles
  3 spriggan zombies
  2 harpy skeletons
  14 ushabtiu
  4 bog bodies
  A spectral manticore (Crypt:2)
  A shadow dragon simulacrum (Coc:7)
  An elf zombie (Zig:12)
  8 hydra skeletons
  8 boulder beetles
  17 ravens
  A stone giant simulacrum (Abyss:1)
  7 fire dragon zombies
  55 raiju
  A wandering mushroom (Lair:8)
  3 ice dragon zombies
  171 slime creatures
  14 air elementals
  3 alligator zombies
  7 ettin zombies
  A giant leech (Zig:7)
  7 wyverns
  A shock serpent simulacrum (Abyss:1)
  91 flying skulls
  54 shadows
  4 ice dragon skeletons
  A black mamba zombie (Dis:7)
  65 yaks
  37 deep elf magi
  A fire giant simulacrum (Depths:2)
  14 vampires
  4 fire dragon skeletons
  3 spriggan skeletons
  6 tarantellas
  2 alligator skeletons
  A dire elephant simulacrum (Hell)
  3 ettin skeletons
  3 tarantellas (shapeshifter)
  26 water elementals
  51 deep elf fighters
  A hog (shapeshifter) (Vaults:5)
  24 redbacks
  47 wraiths
  117 ynoxinuls
  22 chaos spawn
  A fire bat (Abyss:4)
  A fire bat (shapeshifter) (Vaults:5)
  25 golden eyes
  A golden eye (shapeshifter) (Zig:16)
  6 spriggans
  7 wargs
  6 basilisks
  31 vampire mosquitoes
  2 black mamba skeletons
  A hungry ghost (Zig:8)
  A warg (shapeshifter) (Depths:3)
  A salamander skeleton (Vaults:2)
  17 fire elementals
  5 steam dragons
  A spectral yaktaur (Crypt:2)
  A harpy simulacrum (Tar:7)
  8 insubstantial wisps
  184 large abominations
  3 mottled dragons
  2 soldier ants (shapeshifter)
  25 wolves
  47 hell hounds
  A monstrous demonspawn zombie (Crypt:3)
  85 neqoxecs
  A hydra simulacrum (Abyss:1)
  18 water moccasins
  20 spatial vortices
  20 hippogriffs
  A putrid demonspawn skeleton (Crypt:1)
  49 nagas
  3 spiny frog skeletons
  46 orc warriors
  13 porcupines
  5 spiny frog zombies
  2 merfolk skeletons
  6 phantoms
  4 snapping turtle zombies
  38 ice beasts
  8 wasps
  A wasp (shapeshifter) (Vaults:5)
  An ice beast (shapeshifter) (D:15)
  2 ice dragon simulacra
  A swamp dragon zombie (Dis:7)
  3 swamp drakes
  2 black bears
  A tengu (shapeshifter) (Vaults:5)
  A blink frog zombie (Crypt:2)
  16 necrophages
  16 eyes of draining
  4 snapping turtle skeletons
  3 sky beasts
  6 boggarts
  An alligator simulacrum (Coc:1)
  85 ogres
  13 centaurs
  A swamp dragon skeleton (Tar:5)
  11 crocodiles
  An ettin simulacrum (Vaults:1)
  An orc skeleton (Vaults:1)
  A lost soul (Elf:3)
  A hog skeleton (Crypt:1)
  8 brain worms
  19 giant frogs
  A komodo dragon zombie (Crypt:1)
  A glowing shapeshifter simulacrum (Depths:3)
  A dryad skeleton (Crypt:3)
  4 big kobolds
  A scorpion (shapeshifter) (D:15)
  4 scorpions
  A human simulacrum (Vaults:1)
  A wyvern skeleton (D:6)
  A warg zombie (Crypt:1)
  3 killer bees (D:12)
  An oklob sapling (D:6)
  66 wights
  21 crimson imps
  19 quasits
  38 orc wizards
  A wasp zombie (D:11)
  98 starcursed masses
  5 centaur zombies
  8 hounds
  3 centaur skeletons
  3 elf skeletons
  2 giant frog skeletons
  A giant frog zombie (D:10)
  A hound (shapeshifter) (Vaults:3)
  79 jellies
  42 orc priests
  37 iron imps
  10 iguanas
  14 worker ants
  A porcupine skeleton (Crypt:3)
  A hell rat (Elf:3)
  A lightning spire (Zig:10)
  5 sheep
  A worker ant (shapeshifter) (Elf:3)
  A naga zombie (Tomb:1)
  A felid zombie (Crypt:3)
  An ogre zombie (Dis:7)
  2 tengu zombies
  A big kobold skeleton (Crypt:3)
  An ogre skeleton (Tar:6)
  2 tengu skeletons
  3 hound skeletons
  50 mummies
  2 worker ant zombies
  7 gnolls
  A swamp drake zombie (Crypt:2)
  23 river rats
  15 adders
  18 shadow imps
  30 white imps
  201 ufetubi
  2 giant eyeballs (Pan)
  An adder zombie (D:7)
  A lava snake skeleton (Crypt:1)
  2 worms
  An iguana skeleton (Crypt:3)
  5 giant geckos
  248 orcs
  25 bats
  A bat skeleton (D:5)
  28 goblins
  24 hobgoblins
  16 jackals
  21 kobolds
  2 quokkas
  2 ball pythons (D:2)
  A ball python skeleton (D:5)
  3 giant cockroaches
  A giant cockroach zombie (D:5)
  A giant gecko skeleton (D:8)
  9 giant newts
  A hobgoblin skeleton (Crypt:2)
  2 kobold zombies
  4 lurking horrors
  24 rats
  6 spectral orcs (Orc:1)
  A fungus (D:10)
  14 grand avatars
  6 macabre masses (Abyss:4)
  5 plants
  33 starspawn tentacles
  A starspawn tentacle segment (Abyss:1)
  6 tentacles
8321 creatures vanquished.

Vanquished Creatures (collateral kills)
  A Hell Sentinel (Pan)
  An Executioner (Zig:10)
  A balrug (Pan)
  A warmonger (Pan)
  A reaper (Pan)
  A white draconian (Pan)
  A large abomination (Pan)
  2 orange demons (Pan)
  A deep elf fighter (Pan)
  An ufetubus (Pan)
11 creatures vanquished.

Vanquished Creatures (others)
  A Hell Sentinel (Pan)
  4 deep elf master archers (Pan)
  A quicksilver dragon (Zig:15)
  An eldritch tentacle (Pan)
  27 spectral weapons
  A tengu reaver (Vaults:5)
  An Executioner (Pan)
  A revenant (Tomb:2)
  A storm dragon (Depths:5)
  3 fire giants
  A cacodemon (Zig:10)
  A balrug (Pan)
  A reaper (Zig:17)
  A warmonger (Pan)
  6 stone giants
  An ironheart preserver (Vaults:5)
  A draconian caller (Zot:2)
  Nessos (Lair:8)
  3 elemental wellsprings (Coc:7)
  A vampire knight (Depths:5)
  A green death (Zig:10)
  6 merfolk javelineers
  3 blizzard demons (Pan)
  Josephine (D:12)
  2 deep elf high priests (Vaults:5)
  5 yaktaur captains
  A centaur warrior (Vaults:4)
  2 death knights (Zig:8)
  An ogre mage (Vaults:1)
  A dancing weapon (Pan)
  A satyr (Shoals:3)
  2 naga sharpshooters
  2 deep elf knights
  2 ice devils (Pan)
  23 death scarabs (Tomb:2)
  A cherub (Pan)
  A storm dragon skeleton (Abyss:1)
  25 ball lightnings (Pan)
  An unseen horror (D:14)
  5 fulminant prisms (Pan)
  A deep elf summoner (Elf:1)
  2 harpies (Pan)
  A salamander (Geh:7)
  2 cyclopes (Vaults:2)
  A sixfirhy (Pan)
  A wizard (Pan)
  5 drowned souls (Shoals:3)
  A spriggan zombie (Zig:12)
  A stone giant skeleton (Geh:1)
  5 smoke demons (Pan)
  An orange demon (Pan)
  A fire drake (Zig:15)
  A tormentor (Dis:4)
  14 yaktaurs
  2 hellwings (Pan)
  A red devil (Pan)
  A harpy skeleton (Tomb:3)
  2 deep elf fighters
  4 flying skulls
  A redback (shapeshifter) (Vaults:3)
  A chaos spawn (Zig:16)
  2 water elementals (Coc:7)
  A vampire (Geh:3)
  A wraith (Zot:5)
  A golden eye (Zig:18)
  2 deep elf magi
  A ynoxinul (Pan)
  A neqoxec (Pan)
  A steam dragon (Zig:15)
  3 nagas (Snake:4)
  2 vampire mosquitoes (Vaults:3)
  A spatial vortex (Abyss:4)
  2 mottled dragons (Zig:14)
  4 swamp drakes
  A hydra simulacrum (Abyss:2)
  A spiny frog zombie (Geh:3)
  An ice beast (D:13)
  An eye of draining (D:13)
  A spider (shapeshifter) (Vaults:5)
  2 boggarts
  A black mamba simulacrum (Coc:3)
  3 ogres
  10 lost souls
  9 centaurs
  A wight (Geh:3)
  A jelly (Zig:18)
  An orc priest (Orc:1)
  An iron imp (Zig:12)
  A mummy (Tomb:2)
  3 white imps
  17 ufetubi
  A kobold (D:7)
  6 lurking horrors
  A block of ice (Pan)
  111 eldritch tentacle segments
  22 fungi
  12 plants
  64 starspawn tentacles
  487 starspawn tentacle segments
  26 tentacles
  322 tentacle segments
1322 creatures vanquished.

Grand Total: 9654 creatures vanquished

Notes
Turn   | Place    | Note
--------------------------------------------------------------
     0 | D:1      | Vikmgn the Minotaur Fighter began the quest for the Orb.
     0 | D:1      | Reached XP level 1. HP: 19/19 MP: 0/0
    71 | D:1      | Reached XP level 2. HP: 24/26 MP: 1/1
   199 | D:1      | Reached skill level 4 in Long Blades
   312 | D:1      | Reached XP level 3. HP: 28/31 MP: 2/2
   897 | D:2      | Reached skill level 5 in Long Blades
   902 | D:2      | Reached XP level 4. HP: 36/39 MP: 3/3
  1563 | D:3      | Reached skill level 6 in Long Blades
  1643 | D:3      | Noticed a centaur
  1652 | D:3      | Killed a centaur
  1652 | D:3      | Reached skill level 7 in Long Blades
  1652 | D:3      | Reached XP level 5. HP: 35/45 MP: 4/4
  1897 | D:3      | Found a bloodstained altar of Trog.
  2317 | D:4      | Found Dotal's Food Emporium.
  2560 | D:4      | Reached XP level 6. HP: 49/51 MP: 5/5
  2572 | D:4      | Reached skill level 8 in Long Blades
  2748 | D:4      | Found an opulent altar of Gozag.
  2865 | D:4      | Found a shadowy altar of Dithmenos.
  2865 | D:4      | Found a glowing silver altar of Zin.
  3050 | D:5      | Entered Level 5 of the Dungeon
  3385 | D:5      | Reached skill level 9 in Long Blades
  3420 | D:5      | Reached XP level 7. HP: 48/57 MP: 6/6
  3686 | D:5      | Reached skill level 10 in Long Blades
  4151 | D:6      | Reached skill level 11 in Long Blades
  4151 | D:6      | Reached XP level 8. HP: 64/64 MP: 7/7
  4163 | D:6      | Found a staircase to the Ecumenical Temple.
  4431 | D:6      | Found a basalt altar of Yredelemnul.
  4629 | Temple   | Entered the Ecumenical Temple
  4681 | Temple   | Became a worshipper of Warmaster Okawaru
  4808 | D:6      | Reached skill level 12 in Long Blades
  4951 | D:6      | Got a steaming chain mail
  4965 | D:6      | Identified the +0 chain mail "Jemuom" {rPois Dex+3} (You found it on level 6 of the Dungeon)
  5234 | D:7      | Reached skill level 13 in Long Blades
  5266 | D:7      | Found a sparkling altar of Nemelex Xobeh.
  5266 | D:7      | Found a white marble altar of Elyvilon.
  5638 | D:7      | Acquired Okawaru's first power
  6021 | D:7      | Reached XP level 9. HP: 51/70 MP: 8/8
  6190 | D:7      | Reached skill level 14 in Long Blades
  6341 | D:7      | Got a jewelled dagger
  7160 | D:8      | Reached skill level 1 in Dodging
  7169 | D:8      | Reached skill level 15 in Long Blades
  7291 | D:8      | Found an ancient bone altar of Kikubaaqudgha.
  7292 | D:8      | Found a blossoming altar of Fedhas.
  7431 | D:9      | Reached skill level 1 in Invocations
  7521 | D:9      | Found a staircase to the Orcish Mines.
  7918 | D:9      | Reached XP level 10. HP: 64/80 MP: 10/10
  8412 | D:10     | Entered Level 10 of the Dungeon
  8680 | D:10     | Reached skill level 5 in Armour
  8689 | D:10     | Reached skill level 5 in Fighting
  9202 | D:10     | Killed an unseen horror
  9202 | D:10     | Received a gift from Okawaru
  9202 | D:10     | Reached skill level 5 in Shields
  9558 | D:10     | Found a staircase to the Lair.
  9973 | D:11     | Noticed a six-headed hydra
 10075 | D:10     | Reached skill level 16 in Long Blades
 10082 | Lair:1   | Entered Level 1 of the Lair of Beasts
 10197 | Lair:1   | Found a glowing silver altar of Zin.
 10298 | Lair:1   | Noticed a black mamba
 10320 | Lair:1   | Killed a black mamba
 10320 | Lair:1   | Reached skill level 5 in Dodging
 10320 | Lair:1   | Reached XP level 11. HP: 55/89 MP: 12/12
 10498 | Lair:1   | Identified the +0 dagger of Kilefip {flame, +Rage MR+} (You found it on level 7 of the Dungeon)
 11157 | Lair:2   | Acquired Okawaru's second power
 11168 | Lair:2   | Reached skill level 1 in Throwing
 11188 | Lair:2   | Received a gift from Okawaru
 11848 | Lair:3   | Found a staircase to the Shoals.
 12020 | Lair:3   | Received a gift from Okawaru
 12307 | Lair:3   | Received a gift from Okawaru
 12339 | Lair:3   | Reached XP level 12. HP: 78/100 MP: 14/14
 12654 | Lair:3   | Received a gift from Okawaru
 12654 | Lair:3   | Reached skill level 17 in Long Blades
 12890 | Lair:3   | Got an iridescent long sword
 12891 | Lair:3   | Identified the +4 long sword "Pesote" {slice, Dex+2} (You found it on level 3 of the Lair of Beasts)
 12960 | Lair:3   | Noticed a five-headed hydra
 13169 | Lair:4   | Reached skill level 5 in Invocations
 13442 | Lair:4   | Noticed Maud
 13470 | Lair:4   | Killed Maud
 13470 | Lair:4   | Received a gift from Okawaru
 13470 | Lair:4   | Received a gift from Okawaru
 14242 | Lair:5   | Found a staircase to the Snake Pit.
 14939 | Lair:6   | Reached XP level 13. HP: 93/108 MP: 16/16
 15878 | Lair:4   | Noticed a catoblepas
 16146 | Orc:1    | Entered Level 1 of the Orcish Mines
 16146 | Orc:1    | Found Elaorrup's Antique Armour Shop.
 16152 | Orc:1    | Noticed Nergalle
 16235 | Orc:1    | Killed Nergalle
 16235 | Orc:1    | Reached skill level 18 in Long Blades
 16634 | Orc:1    | Bought a fine scale mail for 315 gold pieces
 16634 | Orc:1    | Bought a crude scale mail for 315 gold pieces
 16653 | D:9      | Identified the cursed +0 scale mail of Waev {rC+} (You bought it in a shop on level 1 of the Orcish Mines)
 16664 | D:9      | Identified the +2 scale mail "Qeisedar" {rElec rC+} (You bought it in a shop on level 1 of the Orcish Mines)
 16817 | Orc:2    | Noticed Snorg
 16837 | Orc:1    | Killed Snorg
 16936 | Orc:2    | Reached skill level 5 in Throwing
 17436 | Orc:3    | Found a staircase to the Elven Halls.
 17444 | Orc:3    | Found a frozen archway.
 17529 | IceCv    | Entered an ice cave
 17764 | IceCv    | Noticed MordorOrchid's ghost (powerful TrBe)
 17781 | IceCv    | Reached skill level 10 in Dodging
 17781 | IceCv    | Reached skill level 10 in Shields
 17793 | IceCv    | Killed MordorOrchid's ghost
 17793 | IceCv    | Received a gift from Okawaru
 18583 | D:11     | Found a roughly hewn altar of Beogh.
 18725 | Lair:3   | Killed a five-headed hydra
 19126 | D:11     | Noticed a catoblepas
 19165 | D:11     | Received a gift from Okawaru
 19175 | D:11     | Killed a catoblepas
 19326 | D:11     | Killed a two-headed hydra
 19326 | D:11     | Reached XP level 14. HP: 118/118 MP: 18/18
 21093 | Lair:6   | Found a staircase to the Slime Pits.
 21206 | Lair:8   | Entered Level 8 of the Lair of Beasts
 21417 | Lair:8   | Reached skill level 10 in Fighting
 21467 | Lair:8   | Received a gift from Okawaru
 21772 | Lair:8   | Noticed Nessos
 21781 | Lair:8   | Killed Nessos
 22890 | Lair:8   | Identified a +2 rod of the swarm (10/10) (You found it on level 8 of the Lair of Beasts)
 23096 | Lair:8   | Received a gift from Okawaru
 23121 | Lair:8   | Reached XP level 15. HP: 78/126 MP: 13/19
 23583 | D:12     | Reached skill level 15 in Shields
 23743 | D:12     | Noticed Josephine
 23754 | D:12     | Killed Josephine
 24294 | D:12     | Received a gift from Okawaru
 24297 | D:12     | Got a warped plate armour {god gift}
 24324 | D:12     | Identified the +0 plate armour "Jest" {MR+} (Okawaru gifted it to you on level 12 of the Dungeon)
 24374 | D:12     | Reached skill level 10 in Armour
 25179 | D:13     | Reached skill level 19 in Long Blades
 25297 | D:14     | Found an opulent altar of Gozag.
 25954 | D:14     | Found a gate to the Vaults.
 26186 | D:14     | Found a portal to a secret trove of treasure.
 26307 | D:14     | Noticed a tengu reaver
 26336 | D:14     | Killed a tengu reaver
 26995 | Orc:4    | Entered Level 4 of the Orcish Mines
 27073 | Orc:4    | Found a roughly hewn altar of Beogh.
 27264 | Orc:4    | Found Wualomp's Armour Shoppe.
 27533 | Orc:4    | Found Diskir's Distillery.
 27543 | Orc:4    | Found Alipoq's General Store.
 27789 | Orc:4    | Bought a potion of curing for 42 gold pieces
 27983 | Orc:4    | Received a gift from Okawaru
 28015 | Orc:4    | Gained mutation: Your magical capacity is low (-10% MP). [a neqoxec]
 28017 | Orc:4    | Gained mutation: Your magical capacity is very low (-20% MP). [a neqoxec]
 28074 | Orc:4    | Paralysed by an orc sorcerer for 6 turns
 28837 | Orc:4    | Reached XP level 16. HP: 94/135 MP: 14/16
 29013 | Orc:4    | Found Neatiose's Antique Armour Emporium.
 29013 | Orc:4    | Found Xeoricw's Gadget Shoppe.
 29013 | Orc:4    | Found a one-way gate leading to the halls of Pandemonium.
 29069 | Orc:4    | Bought a potion of haste for 140 gold pieces
 29069 | Orc:4    | Bought a potion of curing for 42 gold pieces
 29069 | Orc:4    | Bought a potion of heal wounds for 70 gold pieces
 29509 | D:15     | Entered Level 15 of the Dungeon
 30124 | Elf:1    | Entered Level 1 of the Elven Halls
 32177 | Elf:2    | Found a runed gate.
 32177 | Elf:2    | Found a runed gate.
 32178 | Elf:2    | Found a runed gate.
 32494 | Elf:2    | Noticed a Brimstone Fiend
 32496 | Elf:2    | Cast into the Abyss (a deep elf demonologist)
 32538 | Elf:2    | Escaped the Abyss
 32542 | Elf:2    | Noticed an Executioner
 32574 | Elf:2    | Received a gift from Okawaru
 32870 | Elf:3    | Entered Level 3 of the Elven Halls
 33091 | Elf:3    | Found Kowat's Food Shoppe.
 33824 | Elf:3    | Noticed a deep elf master archer
 33830 | Elf:3    | Killed a deep elf master archer
 33837 | Elf:3    | Cast into the Abyss (a deep elf sorcerer)
 33877 | Elf:3    | Escaped the Abyss
 34075 | Elf:3    | Got a warped lajatang
 34425 | Elf:3    | Reached skill level 20 in Long Blades
 34539 | Elf:3    | Reached XP level 17. HP: 145/145 MP: 15/17
 35002 | Elf:3    | Got an ancient garnet amulet
 35152 | Elf:3    | Got a clouded granite ring
 36060 | Elf:3    | Got a steaming scale mail
 36064 | Elf:3    | Got a pair of pitted gloves
 36075 | Elf:3    | Identified the +0 pair of gloves of the Undertaker {-Cast Regen+ Int+3} (You found it on level 3 of the Elven Halls)
 36082 | Elf:3    | Got a smoking plate armour
 36143 | Elf:3    | Received a gift from Okawaru
 36162 | Elf:3    | Got a sparkling copper amulet
 36169 | Elf:3    | Identified the amulet "Yputz" {Regen+ MP+9 Int+3} (You found it on level 3 of the Elven Halls)
 36176 | Elf:3    | Identified the amulet "Ummidol" {Stasis *Contam rElec Int+5} (You took it off a deep elf annihilator on level 3 of the Elven Halls)
 36275 | Elf:3    | Identified the +10 plate armour of Autotheism {-Tele rN+ Regen+ Stlth+} (You found it on level 3 of the Elven Halls)
 36285 | Elf:3    | Identified the +4 scale mail of the Big Bang {*Confuse rF+ Dex+2} (You found it on level 3 of the Elven Halls)
 36299 | Elf:3    | Got a slimy scale mail
 36311 | Elf:3    | Identified the +6 scale mail of Birdsong {Str+3 Dex+5} (You found it on level 3 of the Elven Halls)
 36324 | Elf:3    | Got a garnet-encrusted plate armour
 36336 | Elf:3    | Identified the +11 plate armour of the Accordion {rN+ Int+2} (You found it on level 3 of the Elven Halls)
 36723 | Lair:1   | Identified the ring "Asits" {*Drain rC+ rN+ Slay+2 Stlth-} (You took it off a deep elf annihilator on level 3 of the Elven Halls)
 37383 | D:15     | Found a staircase to the Depths.
 37430 | D:15     | Noticed asdu's ghost (powerful VSAK)
 37480 | D:15     | Killed asdu's ghost
 37480 | D:15     | Received a gift from Okawaru
 37934 | Shoals:1 | Entered Level 1 of the Shoals
 38659 | Shoals:1 | Received a gift from Okawaru
 39304 | Depths:1 | Entered Level 1 of the Depths
 39319 | Depths:1 | Noticed an Ice Fiend
 39500 | Depths:1 | Killed an Ice Fiend
 39749 | Depths:1 | Found a gateway to Hell.
 39857 | Depths:1 | Received a gift from Okawaru
 40013 | Depths:1 | Reached XP level 18. HP: 140/155 MP: 18/18
 40741 | Depths:1 | Received a gift from Okawaru
 41246 | Depths:2 | Found Koitenk's Armour Boutique.
 41263 | Depths:2 | Bought the +2 cloak "Gihizipok" {rCorr Str+4 Int-2} for 594 gold pieces
 41362 | Depths:2 | Received a gift from Okawaru
 41896 | Depths:2 | Found a runed gate.
 41896 | Depths:2 | Found a runed gate.
 41896 | Depths:2 | Found a runed gate.
 41979 | Depths:2 | Found a runed gate.
 41979 | Depths:2 | Found a runed gate.
 41979 | Depths:2 | Found a runed gate.
 42001 | Depths:2 | Reached skill level 15 in Armour
 42025 | Depths:2 | Noticed a lich
 43036 | Depths:3 | Reached XP level 19. HP: 162/162 MP: 19/19
 43060 | Depths:2 | Received a gift from Okawaru
 43063 | Depths:2 | Got a bronze plate armour {god gift}
 43067 | Depths:2 | Identified the +8 plate armour of the Failed Coup {rF+ rC+ Stlth+} (Okawaru gifted it to you on level 2 of the Depths)
 43925 | Depths:3 | Paralysed by a vampire knight for 3 turns
 44083 | Depths:3 | Gained mutation: Your mind is acute. (Int +2) [potion of beneficial mutation]
 44183 | Depths:3 | Found a one-way gate to the infinite horrors of the Abyss.
 44289 | Depths:3 | Found a gateway to a ziggurat.
 44579 | Depths:4 | Noticed a lich
 44587 | Depths:4 | Killed a lich
 44751 | Depths:4 | Received a gift from Okawaru
 44754 | Depths:4 | Got a jewelled long sword {god gift}
 44760 | Depths:4 | Identified the +4 long sword of Jiushokyrch {slice, rElec rPois rC- rN+++} (Okawaru gifted it to you on level 4 of the Depths)
 45199 | Snake:1  | Entered Level 1 of the Snake Pit
 45206 | Snake:1  | Noticed Aizul
 45225 | Lair:5   | Killed Aizul
 46795 | Snake:3  | Received a gift from Okawaru
 46798 | Snake:3  | Got a translucent demon blade {god gift}
 46807 | Snake:3  | Identified the +4 demon blade of the Special Dances {vamp, -Tele rElec rPois Int+5} (Okawaru gifted it to you on level 3 of the Snake Pit)
 47361 | Snake:3  | Reached XP level 20. HP: 170/170 MP: 20/20
 47546 | Snake:4  | Entered Level 4 of the Snake Pit
 47861 | Snake:4  | Reached skill level 21 in Armour
 48318 | Snake:4  | Received a gift from Okawaru
 48511 | Snake:4  | Reached skill level 22 in Armour
 48752 | Snake:4  | Got a serpentine rune of Zot
 49232 | Vaults:1 | Entered Level 1 of the Vaults
 49248 | Vaults:1 | Received a gift from Okawaru
 50194 | Vaults:1 | Found Kess's Gadget Shoppe.
 50237 | Vaults:1 | Identified a scroll of acquirement
 50484 | Vaults:2 | Reached skill level 23 in Armour
 51575 | Vaults:2 | Reached XP level 21. HP: 177/177 MP: 21/21
 51578 | Vaults:2 | Reached skill level 24 in Armour
 52355 | Vaults:3 | Received a gift from Okawaru
 52728 | Vaults:3 | Noticed Agnes
 52729 | Vaults:3 | Noticed Sojobo
 52729 | Vaults:3 | Noticed Rupert
 52729 | Vaults:3 | Noticed Frederick
 52742 | Vaults:3 | Killed Agnes
 52747 | Vaults:3 | Killed Frederick
 52747 | Vaults:3 | Received a gift from Okawaru
 52757 | Vaults:3 | Killed Rupert
 52778 | Vaults:3 | Killed Sojobo
 52778 | Vaults:3 | Reached skill level 25 in Armour
 52789 | Vaults:3 | Got a transparent scimitar {god gift}
 52793 | Vaults:3 | Identified the +1 scimitar "Huciurgh" {elec, *Drain rC+ Str+7} (Okawaru gifted it to you on level 3 of the Vaults)
 53018 | Vaults:3 | Noticed Jory
 53035 | Vaults:3 | Paralysed by a great orb of eyes for 6 turns
 53081 | Vaults:3 | Killed Jory
 53088 | Vaults:3 | Received a gift from Okawaru
 53141 | Vaults:3 | Noticed Wiglaf
 53155 | Vaults:3 | Killed Wiglaf
 53280 | Vaults:3 | You are sucked into a shaft!
 53385 | Vaults:4 | Received a gift from Okawaru
 53583 | Vaults:4 | Noticed Saint Roka
 53665 | Vaults:4 | Killed Saint Roka
 53734 | Vaults:4 | Received a gift from Okawaru
 54517 | Vaults:4 | Reached XP level 22. HP: 185/185 MP: 22/22
 55440 | Depths:4 | Received a gift from Okawaru
 55445 | Depths:4 | Noticed a golden dragon
 55470 | Depths:4 | Killed a golden dragon
 55553 | Depths:4 | Noticed a golden dragon
 55566 | Depths:4 | Killed a golden dragon
 55566 | Depths:4 | Reached skill level 10 in Throwing
 56059 | Depths:4 | Identified the Papyrus of Arcane Weapons and the Volcanoes
 56405 | Depths:5 | Entered Level 5 of the Depths
 56923 | Depths:5 | Reached skill level 26 in Armour
 57023 | Depths:5 | Received a gift from Okawaru
 57259 | Depths:5 | Received a gift from Okawaru
 57395 | Depths:5 | Found a gate to the Realm of Zot.
 58057 | Depths:2 | Killed a lich
 58057 | Depths:2 | Reached XP level 23. HP: 194/194 MP: 22/22
 58132 | Depths:2 | Got a pair of transparent boots
 58136 | Depths:2 | Identified the Volume of Bewitchment
 58175 | Depths:2 | Identified the +1 pair of boots of Broken Taboos {rElec SInv} (You found it on level 2 of the Depths)
 58898 | Shoals:2 | Noticed Frances
 58917 | Shoals:2 | Killed Frances
 59212 | Shoals:2 | Received a gift from Okawaru
 59222 | Shoals:2 | Got a pair of ancient gloves {god gift}
 59233 | Shoals:2 | Identified the +0 pair of gloves of Anaesthesia {Stlth+} (Okawaru gifted it to you on level 2 of the Shoals)
 59849 | D:14     | You paid a toll of 2 scrolls of acquirement to enter a treasure trove
 59850 | Trove    | Entered a treasure trove
 59880 | Trove    | Identified Sif Muna's Papyrus of the Traveller and Darkness
 59913 | Trove    | Identified Sif Muna's Catalogue of Flamy Confrontation
 61361 | Shoals:4 | Entered Level 4 of the Shoals
 61419 | Shoals:4 | Got a faintly glowing chain mail
 61424 | Shoals:4 | Identified the +4 chain mail "Miokh" {Dex-3 Slay+2 SInv} (You found it on level 4 of the Shoals)
 61469 | Shoals:4 | Reached skill level 15 in Dodging
 61573 | Shoals:4 | Noticed Ilsuiw
 61584 | Shoals:4 | Killed Ilsuiw
 61672 | Shoals:4 | Identified the Tome of Shape Shifting and Augmentations
 62066 | Shoals:4 | Got a barnacled rune of Zot
 63607 | Vaults:3 | Found a staircase to the Crypt.
 64445 | Crypt:1  | Entered Level 1 of the Crypt
 64695 | Crypt:1  | Received a gift from Okawaru
 64979 | Crypt:1  | Received a gift from Okawaru
 65134 | Crypt:1  | Received a gift from Okawaru
 66079 | Crypt:2  | Reached XP level 24. HP: 164/205 MP: 22/22
 66117 | Crypt:2  | Noticed Margery
 66134 | Crypt:2  | Killed Margery
 66159 | Crypt:2  | Reached skill level 15 in Fighting
 66678 | Crypt:2  | Noticed Mara
 66681 | Crypt:2  | Noticed Vikmgn's illusion
 66698 | Crypt:2  | Killed Mara
 66708 | Crypt:2  | Received a gift from Okawaru
 66909 | Crypt:2  | Received a gift from Okawaru
 67243 | Crypt:3  | Entered Level 3 of the Crypt
 67340 | Crypt:3  | Received a gift from Okawaru
 67448 | Crypt:3  | Received a gift from Okawaru
 67728 | Crypt:3  | Found a staircase to the Tomb.
 67862 | Crypt:3  | Received a gift from Okawaru
 67872 | Crypt:3  | Noticed an ancient lich
 67895 | Crypt:3  | Reached skill level 27 in Armour
 67928 | Crypt:3  | Killed an ancient lich
 67944 | Crypt:3  | Identified the Collected Works on Evil Rituals
 68796 | Tomb:1   | Entered Level 1 of the Tomb of the Ancients
 68888 | Tomb:1   | Received a gift from Okawaru
 68958 | Tomb:1   | Noticed a greater mummy
 68965 | Tomb:1   | Received a gift from Okawaru
 68974 | Tomb:1   | Killed a greater mummy
 69515 | Tomb:1   | Reached XP level 25. HP: 167/215 MP: 22/22
 69783 | Tomb:1   | Noticed a greater mummy
 69794 | Tomb:1   | Killed a greater mummy
 69849 | Tomb:1   | Got a pitted steel amulet
 70128 | Tomb:1   | Received a gift from Okawaru
 70233 | Tomb:1   | Received a gift from Okawaru
 70534 | Tomb:2   | Got a pair of steaming boots
 70535 | Tomb:2   | Identified the +2 pair of boots of Birdsong {+Fly rElec MR- rCorr} (You acquired it on level 2 of the Tomb of the Ancients)
 70536 | Tomb:2   | Identified the amulet "Loerih" {Stasis *Confuse rN+ Str+5} (You took it off a skeletal warrior on level 1 of the Tomb of the Ancients)
 70755 | Tomb:1   | Noticed a greater mummy
 70755 | Tomb:1   | Noticed a greater mummy
 70755 | Tomb:1   | Noticed a greater mummy
 70756 | Tomb:1   | Noticed a greater mummy
 70763 | Tomb:1   | Killed a greater mummy
 70862 | Tomb:2   | Killed a greater mummy
 70902 | Tomb:1   | Killed a greater mummy
 70914 | Tomb:1   | Killed a greater mummy
 71023 | Tomb:1   | Noticed a greater mummy
 71028 | Tomb:1   | Noticed a greater mummy
 71036 | Tomb:1   | Killed a greater mummy
 71036 | Tomb:1   | Received a gift from Okawaru
 71046 | Tomb:1   | Killed a greater mummy
 71103 | Tomb:1   | Noticed a greater mummy
 71103 | Tomb:1   | Noticed a greater mummy
 71110 | Tomb:1   | Noticed a greater mummy
 71111 | Tomb:1   | Noticed a greater mummy
 71116 | Tomb:1   | Killed a greater mummy
 71123 | Tomb:1   | Noticed a greater mummy
 71124 | Tomb:1   | Noticed a greater mummy
 71125 | Tomb:1   | Killed a greater mummy
 71134 | Tomb:1   | Killed a greater mummy
 71411 | Tomb:1   | Noticed a greater mummy
 71439 | Tomb:1   | Killed a greater mummy
 71454 | Tomb:1   | Killed a greater mummy
 71464 | Tomb:1   | Killed a greater mummy
 71468 | Tomb:1   | Noticed a greater mummy
 71483 | Tomb:1   | Killed a greater mummy
 71532 | Tomb:1   | Killed a greater mummy
 71534 | Tomb:1   | Noticed a greater mummy
 71540 | Tomb:1   | Killed a greater mummy
 71541 | Tomb:1   | Noticed a greater mummy
 71562 | Tomb:1   | Killed a greater mummy
 71760 | Tomb:1   | Noticed a greater mummy
 71776 | Tomb:1   | Killed a greater mummy
 71776 | Tomb:1   | Reached XP level 26. HP: 161/215 MP: 22/22
 71788 | Tomb:1   | Noticed a greater mummy
 71795 | Tomb:1   | Noticed a greater mummy
 71795 | Tomb:1   | Killed a greater mummy
 71795 | Tomb:1   | Received a gift from Okawaru
 71807 | Tomb:1   | Killed a greater mummy
 71918 | Tomb:3   | Entered Level 3 of the Tomb of the Ancients
 71943 | Tomb:3   | Received a gift from Okawaru
 73310 | Tomb:3   | Reached skill level 27 in Shields
 73326 | Tomb:3   | Noticed an ancient lich
 73333 | Tomb:3   | Killed an ancient lich
 73563 | Tomb:3   | Got a golden rune of Zot
 74756 | D:14     | Received a gift from Okawaru
 74964 | Zot:1    | Entered Level 1 of the Realm of Zot
 75221 | Zot:1    | Received a gift from Okawaru
 75642 | Zot:1    | Received a gift from Okawaru
 76056 | Zot:2    | Reached XP level 27. HP: 184/231 MP: 22/22
 76557 | Zot:2    | Noticed an orb of fire
 76564 | Zot:2    | Gained mutation: Armour fits poorly on your strangely shaped body. [an orb of fire]
 76566 | Zot:2    | Gained mutation: You expend magic power (3 MP) to strengthen your wands. [an orb of fire]
 76568 | Zot:2    | Gained mutation: You are weak. (Str -2) [an orb of fire]
 76582 | Zot:2    | Killed an orb of fire
 76613 | Zot:2    | Reached skill level 27 in Long Blades
 77063 | Lair:1   | Lost mutation: You are weak. (Str -2) [potion of cure mutation]
 77063 | Lair:1   | Lost mutation: Your mind is acute. (Int +2) [potion of cure mutation]
 77063 | Lair:1   | Lost mutation: Your magical capacity is very low (-20% MP). [potion of cure mutation]
 77064 | Lair:1   | Lost mutation: You expend magic power (3 MP) to strengthen your wands. [potion of cure mutation]
 77064 | Lair:1   | Lost mutation: Armour fits poorly on your strangely shaped body. [potion of cure mutation]
 77064 | Lair:1   | Lost mutation: Your magical capacity is low (-10% MP). [potion of cure mutation]
 77448 | Vaults:5 | Entered Level 5 of the Vaults
 77524 | Vaults:5 | Received a gift from Okawaru
 77567 | Vaults:5 | Got a slimy chain mail {god gift}
 77568 | Vaults:5 | Identified the +2 chain mail "Ascheg" {rElec Int+7 Slay+2} (Okawaru gifted it to you on level 5 of the Vaults)
 77719 | Vaults:5 | Got a translucent zirconium amulet
 77723 | Vaults:5 | Identified the amulet "Ukunomn" {Inacc rC+ Int+4} (You found it on level 5 of the Vaults)
 77738 | Vaults:5 | Noticed an ancient lich
 77764 | Vaults:5 | Killed an ancient lich
 77871 | Vaults:5 | Gained mutation: Your mind is acute. (Int +2) [potion of beneficial mutation]
 78030 | Vaults:5 | Got a twisted scimitar
 78498 | Vaults:5 | Received a gift from Okawaru
 78519 | Vaults:5 | Got a transparent long sword
 78521 | Vaults:5 | Got a bloodstained long sword {god gift}
 78527 | Vaults:5 | Identified the cursed +1 scimitar of Immorality {antimagic, rElec rPois} (You found it on level 5 of the Vaults)
 78528 | Vaults:5 | Identified the +7 long sword "Guxikeal" {holy, rElec rC+ Int-4} (You took it off an ironbrand convoker on level 5 of the Vaults)
 78529 | Vaults:5 | Identified the +5 long sword "Demonbane" {freeze, rPois rC+ Str+2 Int+2 SInv} (Okawaru gifted it to you on level 5 of the Vaults)
 79545 | Vaults:5 | Got a silver rune of Zot
 80367 | Tomb:3   | Got an encrusted large shield {god gift}
 80378 | Tomb:3   | Identified the +10 large shield of Okawaru's Benevolence {Int+4} (Okawaru gifted it to you on level 3 of the Tomb of the Ancients)
 81124 | Lair:1   | Got a smoking hat
 81125 | Lair:1   | Identified the +2 hat of Distant Shores {rN+++ Regen+ Int+2 Dex-5} (You acquired it on level 1 of the Lair of Beasts)
 81327 | Slime:1  | Entered Level 1 of the Pits of Slime
 81523 | Slime:1  | Gained mutation: You expend magic power (3 MP) to strengthen your wands. [a shining eye]
 81693 | Lair:6   | Received a gift from Okawaru
 81704 | Lair:6   | Got a scorched scimitar {god gift}
 81705 | Lair:6   | Identified the +1 scimitar "Veteunoa" {vamp, rF+ Int+2 Dex+4 Stlth+} (Okawaru gifted it to you on level 6 of the Lair of Beasts)
 82953 | Slime:4  | Noticed Dissolution
 82983 | Slime:4  | Killed Dissolution
 83723 | Slime:5  | Received a gift from Okawaru
 84311 | Pan      | Entered Pandemonium
 84497 | Pan      | Received a gift from Okawaru
 84561 | Pan      | Noticed Fuirph the pandemonium lord
 84578 | Pan      | Killed Fuirph the pandemonium lord
 85030 | Pan      | Received a gift from Okawaru
 85276 | Pan      | Found an exit through the horrors of the Abyss.
 85516 | Pan      | Found an exit through the horrors of the Abyss.
 86112 | Pan      | Noticed Neypaud the pandemonium lord
 86147 | Pan      | Killed Neypaud the pandemonium lord
 86168 | Pan      | Lost mutation: Your mind is acute. (Int +2) [a cacodemon]
 86181 | Pan      | Received a gift from Okawaru
 86236 | Pan      | Got a clouded tin ring
 86249 | Pan      | Identified the ring of the Exiled Wonders {MR+ Str-4 Int+3 Stlth+} (You found it in Pandemonium)
 86488 | Pan      | Found an exit through the horrors of the Abyss.
 86603 | Pan      | Noticed Zosowaet the pandemonium lord
 86619 | Pan      | Killed Zosowaet the pandemonium lord
 86619 | Pan      | Received a gift from Okawaru
 86688 | Pan      | Got a bone long sword {god gift}
 86691 | Pan      | Identified the +8 long sword of Evolution {drain, Str-2 Int+7 Dex-2} (Okawaru gifted it to you in Pandemonium)
 87641 | Pan      | Received a gift from Okawaru
 87700 | Pan      | Noticed an ancient lich
 87701 | Pan      | Found a gateway to a ziggurat.
 87724 | Pan      | Killed an ancient lich
 87748 | Zig:1    | Entered Level 1 of a ziggurat
 87786 | Zig:2    | Entered Level 2 of a ziggurat
 87824 | Zig:3    | Entered Level 3 of a ziggurat
 87963 | Zig:4    | Entered Level 4 of a ziggurat
 88013 | Zig:4    | Got a warped silver ring
 88016 | Zig:4    | Identified the ring "Ybrin" {+cTele rF- rC+ Str+4 Int+7} (You found it on level 4 of a ziggurat)
 88034 | Zig:5    | Entered Level 5 of a ziggurat
 88086 | Zig:6    | Entered Level 6 of a ziggurat
 88148 | Zig:6    | Got a heavily runed plate armour
 88159 | Zig:6    | Identified the +9 plate armour of Quil {rF- rN+ Str+2} (You found it on level 6 of a ziggurat)
 88185 | Zig:7    | Entered Level 7 of a ziggurat
 88212 | Zig:7    | Paralysed by accursed screaming for 2 turns
 88219 | Zig:7    | Paralysed by accursed screaming for 2 turns
 88224 | Zig:7    | Paralysed by accursed screaming for 2 turns
 88236 | Zig:7    | Paralysed by accursed screaming for 2 turns
 88239 | Zig:7    | Paralysed by accursed screaming for 2 turns
 88246 | Zig:7    | Paralysed by accursed screaming for 2 turns
 88250 | Zig:8    | Entered Level 8 of a ziggurat
 88580 | Zig:9    | Entered Level 9 of a ziggurat
 88682 | Zig:9    | Got a coiled amber ring
 88685 | Zig:9    | Identified the ring "Ihostrus" {Ice Str+2} (You found it on level 9 of a ziggurat)
 88709 | Zig:10   | Entered Level 10 of a ziggurat
 88720 | Zig:10   | Noticed an orb of fire
 88752 | Zig:10   | Killed an orb of fire
 88824 | Zig:10   | Got a dazzling cloak
 88835 | Zig:10   | Identified the cursed +0 cloak of the Comet {rElec rCorr Slay+5 Stlth-} (You found it on level 10 of a ziggurat)
 88859 | Zig:11   | Entered Level 11 of a ziggurat
 88916 | Zig:11   | Noticed an ancient lich
 88946 | Zig:11   | Killed an ancient lich
 89000 | Zig:12   | Entered Level 12 of a ziggurat
 89160 | Zig:12   | Received a gift from Okawaru
 89167 | Zig:12   | Got an ancient pewter ring
 89169 | Zig:12   | Identified the ring of Raivvyed {EV+2 Str+4} (You found it on level 12 of a ziggurat)
 89177 | Zig:12   | Got a glittering lapis lazuli ring
 89179 | Zig:12   | Identified the ring of Akyewk {Fire Int+4} (You found it on level 12 of a ziggurat)
 89200 | Zig:12   | Reached skill level 27 in Dodging
 89208 | Zig:12   | Identified the Handbook of Stolen Souls
 89222 | Zig:13   | Entered Level 13 of a ziggurat
 89249 | Zig:13   | Noticed Likkeph the pandemonium lord
 89515 | Pan      | Noticed Hoemoon the pandemonium lord
 89542 | Pan      | Killed Hoemoon the pandemonium lord
 89768 | Pan      | Found an exit through the horrors of the Abyss.
 90459 | Pan      | Entered the realm of Cerebov.
 90699 | Pan      | Noticed Cerebov
 90706 | Pan      | Received a gift from Okawaru
 90741 | Pan      | Killed Cerebov
 90741 | Pan      | Received a gift from Okawaru
 90806 | Pan      | Got a fiery rune of Zot
 90930 | Pan      | Identified An Introduction to Sorcery (You found it in Pandemonium)
 91112 | Pan      | Found an exit through the horrors of the Abyss.
 91116 | Pan      | Received a gift from Okawaru
 91124 | Pan      | Got a smoking hat {god gift}
 91125 | Pan      | Identified the +4 hat "Hoerurgh" {Int+2} (Okawaru gifted it to you in Pandemonium)
 91806 | Pan      | Identified Deso's Grimoire of Poison (You found it in Pandemonium)
 92221 | Pan      | Reached skill level 27 in Fighting
 92227 | Pan      | Reached skill level 1 in Maces & Flails
 92259 | Pan      | Reached skill level 1 in Spellcasting
 92315 | Pan      | Gained mutation: Armour fits poorly on your strangely shaped body. [a neqoxec]
 92581 | Pan      | Noticed Ocaemuwubb the pandemonium lord
 92591 | Pan      | Killed Ocaemuwubb the pandemonium lord
 92614 | Pan      | Found an exit through the horrors of the Abyss.
 92753 | Depths:1 | Escaped Pandemonium
 92993 | Lair:1   | Lost mutation: Armour fits poorly on your strangely shaped body. [potion of cure mutation]
 92993 | Lair:1   | Lost mutation: You expend magic power (3 MP) to strengthen your wands. [potion of cure mutation]
 93005 | Lair:1   | Learned a level 3 spell: Spectral Weapon
 93310 | Temple   | Fell from the grace of Okawaru
 93310 | Temple   | Became a worshipper of Makhleb the Destroyer
 93765 | Pan      | Entered Pandemonium
 93835 | Pan      | Found an exit through the horrors of the Abyss.
 93841 | Pan      | Noticed Zubu the pandemonium lord
 93865 | Pan      | Reached skill level 1 in Charms
 93892 | Pan      | Killed Zubu the pandemonium lord
 93973 | Pan      | Acquired Makhleb's first power
 94180 | Pan      | Got a spiked fire dragon armour
 94194 | Pan      | Identified the +8 fire dragon armour of Ru's Brutal Revenge {rF++ rC- MR+ Slay+2} (You found it in Pandemonium)
 94599 | Pan      | Reached skill level 10 in Invocations
 94619 | Pan      | Noticed Cuolopt the pandemonium lord
 94649 | Pan      | Killed Cuolopt the pandemonium lord
 94649 | Pan      | Acquired Makhleb's second power
 94874 | Pan      | Reached skill level 5 in Spellcasting
 94888 | Pan      | Found an exit through the horrors of the Abyss.
 95248 | Pan      | Acquired Makhleb's third power
 96028 | Pan      | Noticed Kautomag the pandemonium lord
 96040 | Pan      | Killed Kautomag the pandemonium lord
 96062 | Pan      | Acquired Makhleb's fourth power
 96223 | Pan      | Found an exit through the horrors of the Abyss.
 96310 | Depths:1 | Escaped Pandemonium
 97329 | Pan      | Entered Pandemonium
 97331 | Pan      | Found an exit through the horrors of the Abyss.
 97471 | Pan      | Noticed Wigyir the pandemonium lord
 97483 | Pan      | Killed Wigyir the pandemonium lord
 97500 | Pan      | Reached skill level 5 in Charms
 97660 | Pan      | Gained mutation: You heal slowly when monsters are visible. [a neqoxec]
 97913 | Pan      | Acquired Makhleb's fifth power
 97986 | Pan      | Found an exit through the horrors of the Abyss.
 98353 | Pan      | Noticed Lubleon the pandemonium lord
 98368 | Pan      | Killed Lubleon the pandemonium lord
 99123 | Pan      | Found an exit through the horrors of the Abyss.
 99387 | Pan      | Noticed Beguceakh the pandemonium lord
 99409 | Pan      | Killed Beguceakh the pandemonium lord
 99409 | Pan      | Reached skill level 15 in Invocations
 99942 | Pan      | Gained mutation: Your system is resistant to poisons. [potion of beneficial mutation]
 99946 | Pan      | Entered the realm of Lom Lobon.
100174 | Pan      | Found an exit through the horrors of the Abyss.
100426 | Pan      | Noticed Lom Lobon
100753 | Pan      | Killed Lom Lobon
101032 | Pan      | Got a magical rune of Zot
101170 | Pan      | Found an exit through the horrors of the Abyss.
101203 | Pan      | Found an exit through the horrors of the Abyss.
101706 | Pan      | Noticed Inelirun the pandemonium lord
101743 | Pan      | Killed Inelirun the pandemonium lord
101960 | Pan      | Entered the realm of Mnoleg.
102188 | Pan      | Paralysed by a giant eyeball for 4 turns
102201 | Pan      | Paralysed by a giant eyeball for 3 turns
102265 | Pan      | Noticed Mnoleg
102294 | Pan      | Killed Mnoleg
102325 | Pan      | Reached skill level 10 in Spellcasting
102372 | Pan      | Got a glowing rune of Zot
102507 | Pan      | Got a slimy chain mail
102518 | Pan      | Identified the cursed +1 chain mail of the Four Stars {Int+3} (You found it in Pandemonium)
102569 | Pan      | Was forgiven by Okawaru
102867 | Pan      | Found an exit through the horrors of the Abyss.
103404 | Pan      | Noticed Unoepep the pandemonium lord
103438 | Pan      | Killed Unoepep the pandemonium lord
103506 | Pan      | Got a demonic rune of Zot
103780 | Pan      | Learned a level 6 spell: Deflect Missiles
103797 | Pan      | Entered the realm of Gloorx Vloq.
103906 | Pan      | Found an exit through the horrors of the Abyss.
104002 | Pan      | Identified a +0 pair of boots of running (You found it in Pandemonium)
104234 | Pan      | Reached skill level 10 in Charms
104291 | Pan      | Noticed Gloorx Vloq
104688 | Pan      | Killed Gloorx Vloq
104760 | Pan      | Got a dark rune of Zot
104968 | Pan      | Gained mutation: You are frail (-10% HP). [a cacodemon]
104978 | Pan      | Found an exit through the horrors of the Abyss.
105778 | Pan      | Noticed Nikler the pandemonium lord
105867 | Pan      | Killed Nikler the pandemonium lord
106109 | Pan      | Noticed Jakheargh the pandemonium lord
106128 | Pan      | Killed Jakheargh the pandemonium lord
106284 | Pan      | Found an exit through the horrors of the Abyss.
106404 | Pan      | Got a warped scale mail
106424 | Depths:1 | Escaped Pandemonium
106647 | Lair:1   | Identified the +1 scale mail of Qazlal's Favour {Str+5 Int-2} (You found it in Pandemonium)
106672 | Lair:1   | Learned a level 3 spell: Regeneration
106891 | Depths:3 | Voluntarily entered the Abyss.
107311 | Abyss:1  | Reached skill level 1 in Air Magic
108187 | Abyss:1  | Paralysed by accursed screaming for 1 turns
108552 | Abyss:1  | Found a corrupted altar of Lugonu.
108558 | Abyss:1  | Found a corrupted altar of Lugonu.
108732 | Depths:3 | Escaped the Abyss
108736 | Depths:3 | Voluntarily entered the Abyss.
109951 | Abyss:2  | Reached skill level 5 in Air Magic
110581 | Abyss:2  | Found a corrupted altar of Lugonu.
110736 | Abyss:2  | Gained mutation: Your spells are a little easier to cast, but a little less powerful. [a neqoxec]
110854 | Abyss:2  | Noticed an ancient lich
110864 | Abyss:2  | Killed an ancient lich
110923 | Depths:3 | Escaped the Abyss
111341 | Hell     | Entered the Vestibule of Hell
111347 | Hell     | Noticed Geryon
111394 | Hell     | Killed Geryon
111486 | Hell     | Noticed Murray
111514 | Hell     | Killed Murray
111570 | Hell     | Found a gateway to the freezing wastes of Cocytus.
111670 | Hell     | Found a gateway to the Iron City of Dis.
111707 | Hell     | Found a gateway to the ashen valley of Gehenna.
111900 | Hell     | Found a gateway to the decaying netherworld of Tartarus.
111980 | Tar:1    | Entered Level 1 of Tartarus
113284 | Tar:7    | Entered Level 7 of Tartarus
113868 | Tar:7    | Noticed Ereshkigal
113908 | Tar:7    | Killed Ereshkigal
113961 | Tar:7    | Identified the Almanac of the Birds
113964 | Tar:7    | Got a bone rune of Zot
114633 | Tar:7    | Got a slimy copper ring
114634 | Tar:7    | Identified the ring of Zafumyo {Ice MR+ Str+4} (You found it on level 7 of Tartarus)
114637 | Tar:7    | Got a twitching silver amulet
114638 | Tar:7    | Identified the amulet "Tidwuupn" {rC+ Regen+ Str+6 Int-2 Slay+3} (You found it on level 7 of Tartarus)
114910 | Tar:7    | Got a scintillating jade ring
114913 | Tar:7    | Identified the ring "Xaunle Ville" {Fire rElec rN+ Int+4 SInv} (You found it on level 7 of Tartarus)
114916 | Tar:7    | Got a sparkling pewter amulet
114917 | Tar:7    | Identified the amulet "Decoel" {rMut +Inv} (You found it on level 7 of Tartarus)
115193 | Tar:7    | Gained mutation: You do not heal naturally when monsters are visible. [mutagenic glow]
115681 | Pan      | Entered Pandemonium
115739 | Pan      | Reached skill level 15 in Spellcasting
115792 | Pan      | Noticed Huxkaum the pandemonium lord
115800 | Pan      | Killed Huxkaum the pandemonium lord
115862 | Pan      | Noticed Pilafunk the pandemonium lord
115877 | Pan      | Killed Pilafunk the pandemonium lord
115970 | Pan      | Got a brightly glowing cloak
115971 | Pan      | Identified the +0 cloak of the Forsaken Cities {+Fly Int+6} (You acquired it in Pandemonium)
116242 | Pan      | Found an exit through the horrors of the Abyss.
116625 | Pan      | Found an exit through the horrors of the Abyss.
116671 | Pan      | Noticed Nempioh the pandemonium lord
116706 | Pan      | Killed Nempioh the pandemonium lord
116934 | Pan      | Found a gateway to a ziggurat.
117123 | Zig:1    | Entered Level 1 of a ziggurat
117160 | Zig:2    | Entered Level 2 of a ziggurat
117189 | Zig:3    | Entered Level 3 of a ziggurat
117220 | Zig:4    | Entered Level 4 of a ziggurat
117265 | Zig:5    | Entered Level 5 of a ziggurat
117297 | Zig:5    | Got a twitching golden amulet
117298 | Zig:5    | Identified the amulet "Haungial" {Gourm rElec Str-2 Int+6 SInv} (You found it on level 5 of a ziggurat)
117305 | Zig:5    | Got a scintillating zirconium amulet
117306 | Zig:5    | Identified the amulet of Entrepreneurial Spirit {Inacc rElec rC+} (You found it on level 5 of a ziggurat)
117313 | Zig:6    | Entered Level 6 of a ziggurat
117325 | Zig:6    | Reached skill level 15 in Charms
117381 | Zig:7    | Entered Level 7 of a ziggurat
117480 | Zig:8    | Entered Level 8 of a ziggurat
117630 | Zig:8    | Got an ancient plate armour
117631 | Zig:8    | Identified the cursed +0 plate armour "Jeaxirel" {-Cast Str+5 Int+4} (You found it on level 8 of a ziggurat)
117636 | Zig:9    | Entered Level 9 of a ziggurat
117771 | Zig:9    | Got a steaming shield
117773 | Zig:9    | Identified the +4 shield "Fimitoytza" {rF- Str+3 Int+4} (You found it on level 9 of a ziggurat)
117776 | Zig:9    | Identified the Guide on the Mountains
117782 | Zig:10   | Entered Level 10 of a ziggurat
118389 | Zig:10   | Got a pitted lead ring
118391 | Zig:10   | Identified the ring "Jollah" {+Inv MR- MP+9 Str-5 Stlth-} (You found it on level 10 of a ziggurat)
118415 | Zig:11   | Entered Level 11 of a ziggurat
118438 | Zig:11   | Noticed Depaonn the pandemonium lord
118462 | Zig:11   | Killed Depaonn the pandemonium lord
118574 | Zig:11   | Got a brightly glowing sapphire amulet
118575 | Zig:11   | Identified the amulet of Ifek {Clar rPois rN+++ MP-9} (You found it on level 11 of a ziggurat)
118584 | Zig:12   | Entered Level 12 of a ziggurat
118584 | Zig:12   | Noticed onwiheg's ghost (great MiBe)
118602 | Zig:12   | Killed onwiheg's ghost
118610 | Zig:12   | Noticed Icig the pandemonium lord
118620 | Zig:12   | Noticed Zutiuxko the pandemonium lord
118621 | Zig:12   | Noticed Uthuga the pandemonium lord
118632 | Zig:12   | Killed Icig the pandemonium lord
118637 | Zig:12   | Killed Zutiuxko the pandemonium lord
118668 | Zig:12   | Killed Uthuga the pandemonium lord
118764 | Zig:12   | Lost mutation: You are frail (-10% HP). [potion of cure mutation]
118764 | Zig:12   | Lost mutation: Your spells are a little easier to cast, but a little less powerful. [potion of cure mutation]
118764 | Zig:12   | Lost mutation: You do not heal naturally when monsters are visible. [potion of cure mutation]
118764 | Zig:12   | Lost mutation: Your system is resistant to poisons. [potion of cure mutation]
118765 | Zig:12   | Lost mutation: You heal slowly when monsters are visible. [potion of cure mutation]
118776 | Zig:13   | Entered Level 13 of a ziggurat
119047 | Zig:13   | Identified the Disquisition on Changing and Protection
119061 | Zig:14   | Entered Level 14 of a ziggurat
119148 | Zig:14   | Reached skill level 10 in Air Magic
119281 | Zig:15   | Entered Level 15 of a ziggurat
119470 | Zig:15   | Got a scintillating granite ring
119471 | Zig:15   | Identified the ring of Fihiucyi {SustAt *Contam rElec rPois Dex+5} (You found it on level 15 of a ziggurat)
119479 | Zig:15   | Identified the Compendium of Calling and Combat Magic
119528 | Zig:16   | Entered Level 16 of a ziggurat
119528 | Zig:16   | Noticed 4thArraOfDagon's ghost (awesomely powerful FoAr)
119560 | Zig:16   | Killed 4thArraOfDagon's ghost
119760 | Zig:16   | Noticed Tafun the pandemonium lord
119762 | Zig:16   | Noticed Nuarph the pandemonium lord
119772 | Zig:16   | Killed Tafun the pandemonium lord
119781 | Zig:16   | Killed Nuarph the pandemonium lord
119783 | Zig:16   | Noticed Bejacs the pandemonium lord
119792 | Zig:16   | Noticed Wewef the pandemonium lord
119797 | Zig:16   | Noticed Gomys the pandemonium lord
119800 | Zig:16   | Noticed Mawouxiu the pandemonium lord
119800 | Zig:16   | Killed Bejacs the pandemonium lord
119809 | Zig:16   | Noticed Weblisi the pandemonium lord
119824 | Zig:16   | Killed Gomys the pandemonium lord
119843 | Zig:16   | Killed Wewef the pandemonium lord
119846 | Zig:16   | Killed Weblisi the pandemonium lord
119850 | Zig:16   | Killed Mawouxiu the pandemonium lord
120066 | Zig:17   | Entered Level 17 of a ziggurat
120128 | Zig:17   | Noticed an ancient lich
120137 | Zig:17   | Noticed an ancient lich
120150 | Zig:17   | Killed an ancient lich
120166 | Zig:17   | HP: 9/218 [vampire knight/great sword (13)]
120168 | Zig:17   | Killed an ancient lich
120327 | Zig:17   | Identified a +4 rod of shadows (11/11) (You found it on level 17 of a ziggurat)
120335 | Zig:17   | Got a vibrating pewter amulet
120336 | Zig:17   | Identified the amulet of Meesore {rF+ Regen+ Dex+6} (You found it on level 17 of a ziggurat)
120365 | Zig:18   | Entered Level 18 of a ziggurat
120842 | Pan      | Found an exit through the horrors of the Abyss.
121381 | Pan      | Noticed Ruizups the pandemonium lord
121391 | Pan      | Killed Ruizups the pandemonium lord
121406 | Depths:1 | Escaped Pandemonium
121858 | Pan      | Entered Pandemonium
121913 | Pan      | Found an exit through the horrors of the Abyss.
122955 | Pan      | Got a transparent hat
122957 | Pan      | Identified the +2 hat of Yredelemnul's Hatred {rF+ rC+ MR-} (You found it in Pandemonium)
123399 | Pan      | Noticed Rorish the pandemonium lord
123424 | Pan      | Killed Rorish the pandemonium lord
123498 | Pan      | Gained mutation: Your body sometimes deteriorates upon taking damage. [a neqoxec]
123752 | Pan      | Found an exit through the horrors of the Abyss.
123850 | Pan      | Took an exit into the Abyss.
123850 | Abyss:1  | Escaped into the Abyss
123855 | Depths:1 | Escaped the Abyss
123857 | Pan      | Entered Pandemonium
123887 | Pan      | Noticed Qupoahig the pandemonium lord
123893 | Pan      | Reached skill level 27 in Invocations
123902 | Pan      | Killed Qupoahig the pandemonium lord
123972 | Pan      | Found an exit through the horrors of the Abyss.
124244 | Pan      | Found a gateway to a ziggurat.
124667 | Pan      | Gained mutation: Armour fits poorly on your strangely shaped body. [a cacodemon]
124719 | Pan      | Noticed Raxig the pandemonium lord
124722 | Pan      | Paralysed by Raxig for 5 turns
124731 | Pan      | Killed Raxig the pandemonium lord
124745 | Depths:1 | Escaped Pandemonium
124972 | Lair:1   | Lost mutation: Armour fits poorly on your strangely shaped body. [potion of cure mutation]
124972 | Lair:1   | Lost mutation: Your body sometimes deteriorates upon taking damage. [potion of cure mutation]
125184 | Pan      | Entered Pandemonium
125393 | Pan      | Found an exit through the horrors of the Abyss.
125426 | Pan      | Noticed Xeconko the pandemonium lord
125448 | Pan      | Killed Xeconko the pandemonium lord
125637 | Pan      | Found a white marble altar of Elyvilon.
127294 | Pan      | Got a transparent large shield
127332 | Pan      | Identified the +6 large shield of Vifith {rC++ rCorr Str+2 Dex-4} (You took it off a daeva in Pandemonium)
127876 | Pan      | Found a glowing silver altar of Zin.
128959 | Pan      | Noticed a seraph
129521 | Pan      | Got a steaming ivory ring
129612 | Pan      | Killed a seraph
129622 | Pan      | Found a glowing golden altar of the Shining One.
129634 | Pan      | Identified the ring "Utroemu" {rPois rF++ MR- Str+5} (You took it off an angel in Pandemonium)
129651 | Pan      | Got a glittering ruby amulet
129652 | Pan      | Identified the amulet "Xilliej" {Inacc Int+4} (You found it in Pandemonium)
129686 | Depths:1 | Escaped Pandemonium
130136 | Pan      | Entered Pandemonium
130367 | Pan      | Noticed Mennas
130391 | Pan      | Killed Mennas
130479 | Pan      | Noticed Effexyoc the pandemonium lord
130489 | Pan      | Killed Effexyoc the pandemonium lord
130740 | Pan      | Found an exit through the horrors of the Abyss.
131047 | Pan      | Got a translucent scale mail
131101 | Pan      | Found an exit through the horrors of the Abyss.
131133 | Pan      | Noticed Pijike the pandemonium lord
131150 | Pan      | Killed Pijike the pandemonium lord
131389 | Pan      | Identified the +4 scale mail of the Sky {MP+9 Dex+6} (You found it in Pandemonium)
131486 | Pan      | Got a pair of ancient gloves
131490 | Pan      | Identified the +1 pair of gloves of the Enchanted Forest {+Fly MR- Str+10 Slay-4} (You acquired it in Pandemonium)
131816 | Pan      | Found an exit through the horrors of the Abyss.
132121 | Pan      | Noticed Guuderi the pandemonium lord
132129 | Pan      | Killed Guuderi the pandemonium lord
132621 | Pan      | Found an exit through the horrors of the Abyss.
132706 | Pan      | Noticed Ukhlie the pandemonium lord
132716 | Pan      | Killed Ukhlie the pandemonium lord
133098 | Pan      | Got a transparent plate armour
133099 | Pan      | Identified the +10 plate armour of Siecoa Gish {*Corrode rF+ rCorr SInv} (You acquired it in Pandemonium)
133447 | Pan      | Noticed Ostrall Uduo the pandemonium lord
133476 | Pan      | Killed Ostrall Uduo the pandemonium lord
133563 | Pan      | Gained mutation: Your magical capacity is low (-10% MP). [a cacodemon]
133844 | Pan      | Found an exit through the horrors of the Abyss.
133888 | Depths:1 | Escaped Pandemonium
134314 | Pan      | Entered Pandemonium
134314 | Pan      | Noticed Goluku the pandemonium lord
134325 | Pan      | Killed Goluku the pandemonium lord
134800 | Pan      | Found an exit through the horrors of the Abyss.
135051 | Pan      | Noticed Neub the pandemonium lord
135254 | Pan      | Killed Neub the pandemonium lord
135626 | Pan      | Found an exit through the horrors of the Abyss.
136436 | Pan      | Found an exit through the horrors of the Abyss.
136896 | Pan      | Found an exit through the horrors of the Abyss.
137559 | Pan      | Got a jewelled cloak
137565 | Pan      | Identified the +0 cloak "Rixzucy" {rPois rN++ Str+2 Stlth-} (You acquired it in Pandemonium)
138049 | Pan      | Took an exit into the Abyss.
138049 | Abyss:1  | Escaped into the Abyss
138050 | Abyss:1  | Found a corrupted altar of Lugonu.
138748 | Depths:1 | Escaped the Abyss
138751 | Depths:1 | Upgraded the game from 0.17-a0-1176-g3d5a0d0 to 0.17-a0-1181-gabc46e6
138982 | Lair:1   | Learned a level 6 spell: Haste
138987 | Lair:1   | Learned a level 4 spell: Control Teleport
139742 | Dis:1    | Entered Level 1 of the Iron City of Dis
141218 | Dis:7    | Entered Level 7 of the Iron City of Dis
141704 | Dis:7    | Identified Higog's Collected Works on Flight
141867 | Dis:7    | Gained mutation: Scrolls take you a little longer to read. [a cacodemon]
142257 | Dis:7    | Noticed the Serpent of Hell
142314 | Dis:7    | Killed the Serpent of Hell
142314 | Dis:7    | Reached skill level 15 in Air Magic
142371 | Dis:7    | Noticed Dispater
142400 | Dis:7    | Killed Dispater
142469 | Dis:7    | Identified Sif Muna's Almanac of Creation and the Glacier (You found it on level 7 of the Iron City of Dis)
142476 | Dis:7    | Got an iron rune of Zot
143404 | Geh:1    | Entered Level 1 of Gehenna
144316 | Geh:7    | Entered Level 7 of Gehenna
144552 | Geh:7    | Gained mutation: Armour fits poorly on your strangely shaped body. [mutagenic glow]
144644 | Geh:7    | Gained mutation: You are clumsy. (Dex -2) [mutagenic glow]
144680 | Geh:7    | Noticed Asmodeus
144718 | Geh:7    | Killed Asmodeus
144773 | Geh:7    | Gained mutation: You occasionally shout uncontrollably at your foes. [mutagenic glow]
144792 | Geh:7    | Got an obsidian rune of Zot
144842 | Geh:7    | Lost mutation: Your magical capacity is low (-10% MP). [potion of cure mutation]
144842 | Geh:7    | Lost mutation: Armour fits poorly on your strangely shaped body. [potion of cure mutation]
144842 | Geh:7    | Lost mutation: Scrolls take you a little longer to read. [potion of cure mutation]
144842 | Geh:7    | Lost mutation: You are clumsy. (Dex -2) [potion of cure mutation]
145191 | Geh:7    | Got a slimy ivory ring
145193 | Geh:7    | Identified the ring "Udobluw" {rC+ SInv} (You found it on level 7 of Gehenna)
145196 | Geh:7    | Got a faintly glowing bone ring
145197 | Geh:7    | Identified the ring of the Philosopher {MP-9 AC+1 Dex+3} (You found it on level 7 of Gehenna)
145200 | Geh:7    | Identified the Papyrus of Creation and Stones
145203 | Geh:7    | Got a transparent iron amulet
145204 | Geh:7    | Identified the amulet "Toubiu Ponk" {Faith Int+9} (You found it on level 7 of Gehenna)
145855 | Coc:1    | Entered Level 1 of Cocytus
146477 | Coc:4    | You are sucked into a shaft!
146482 | Coc:7    | Entered Level 7 of Cocytus
146758 | Coc:7    | Got a warped brass ring
146759 | Coc:7    | Identified the cursed ring "Loathron" {rElec Int-4} (You found it on level 7 of Cocytus)
147101 | Coc:7    | Noticed Antaeus
147126 | Coc:7    | Killed Antaeus
147155 | Coc:7    | Got an icy rune of Zot
147203 | Hell     | Gained mutation: You are clumsy. (Dex -2) [mutagenic glow]
147246 | Depths:1 | Gained mutation: You are frail (-10% HP). [mutagenic glow]
147606 | Slime:3  | Lost mutation: You are frail (-10% HP). [potion of cure mutation]
147606 | Slime:3  | Lost mutation: You are clumsy. (Dex -2) [potion of cure mutation]
147606 | Slime:3  | Lost mutation: You occasionally shout uncontrollably at your foes. [potion of cure mutation]
147642 | Slime:6  | Entered Level 6 of the Pits of Slime
147871 | Slime:6  | Noticed the royal jelly
147888 | Slime:6  | Killed the royal jelly
148339 | Slime:6  | Got a slimy rune of Zot
148381 | Slime:6  | Identified the Compendium of Poison
148447 | Slime:6  | Identified the Volume of Beguiling and Orientation
148900 | Depths:3 | Voluntarily entered the Abyss.
149351 | Abyss:1  | Found a corrupted altar of Lugonu.
149719 | Abyss:2  | Found a corrupted altar of Lugonu.
150757 | Abyss:4  | Found a corrupted altar of Lugonu.
150932 | Abyss:4  | Found a corrupted altar of Lugonu.
151554 | Abyss:4  | Paralysed by accursed screaming for 2 turns
151558 | Abyss:4  | Reached skill level 27 in Spellcasting
151638 | Abyss:4  | Gained mutation: Scrolls take you a little longer to read. [a neqoxec]
151831 | Abyss:4  | Found a deep blue altar of Sif Muna.
151908 | Abyss:4  | Found a deep blue altar of Sif Muna.
152643 | Abyss:4  | Found a runed door.
152643 | Abyss:4  | Found a runed door.
152668 | Abyss:4  | Found a runed door.
152668 | Abyss:4  | Found a runed door.
152693 | Abyss:4  | Found a runed door.
152744 | Abyss:4  | Found a runed door.
152748 | Abyss:4  | Found a runed door.
152772 | Abyss:4  | Got an abyssal rune of Zot
152792 | Abyss:4  | Found a runed door.
152803 | Abyss:4  | Found a runed door.
152857 | Depths:3 | Escaped the Abyss
154042 | Zot:5    | Entered Level 5 of the Realm of Zot
154313 | Zot:5    | Noticed an ancient lich
154320 | Zot:5    | Noticed an orb of fire
154320 | Zot:5    | Noticed an ancient lich
154329 | Zot:5    | Killed an ancient lich
154339 | Zot:5    | Killed an orb of fire
154342 | Zot:5    | Noticed an ancient lich
154349 | Zot:5    | Noticed an orb of fire
154359 | Zot:5    | Killed an ancient lich
154361 | Zot:5    | Noticed an ancient lich
154366 | Zot:5    | Killed an ancient lich
154377 | Zot:5    | Killed an orb of fire
154398 | Zot:5    | Killed an ancient lich
154573 | Zot:5    | Noticed an orb of fire
154573 | Zot:5    | Noticed an ancient lich
154576 | Zot:5    | Noticed an orb of fire
154576 | Zot:5    | Noticed an ancient lich
154579 | Zot:5    | Noticed an ancient lich
154609 | Zot:5    | Killed an orb of fire
154615 | Zot:5    | Killed an ancient lich
154623 | Zot:5    | Killed an orb of fire
154624 | Zot:5    | Killed an ancient lich
154633 | Zot:5    | Killed an ancient lich
154693 | Zot:5    | Got the Orb of Zot
154721 | Zot:5    | Lost mutation: Scrolls take you a little longer to read. [potion of cure mutation]
154932 | Zot:3    | Noticed Halinlom the pandemonium lord
154939 | Zot:3    | Killed Halinlom the pandemonium lord
155804 | D:$      | Escaped with the Orb!

Vault maps used:
D:1:      dpeg_arrival_pits, corexii_leaking_fountain
D:3:      bloody_trog, kennysheep_generic_room_10
D:4:      gammafunk_temple_overflow_pools, serial_shops, kennysheep_mini,
          nicolae_gozag_seed_capital
D:5:      first_bread
D:6:      lemuel_coloured_pillars_altar, minmay_temple_entry_oklob
D:7:      grunt_temple_overflow_open, the_bakery
D:8:      grunt_temple_overflow_growth_and_decay
D:9:      erik_orc_4
D:10:     grunt_lair_entry_elf_guard_hut
D:11:     special_room
D:12:     uniq_josephine
D:13:     lemuel_nasty_fountain
D:14:     minmay_octo_star, erik_vaults_1, basic_altar,
          nicolae_trove_entry_columns
D:15:     hangedman_depths_entry_civil_slaughter, hangedman_decor_growths,
          minmay_misc_feat_ornament
Temple:   triangle_lava_temple_11
Lair:1:   basic_altar, guppyfry_lair_drakes, bh_autumn_forest_stairs
Lair:2:   minmay_holes, hibernation_bobbens
Lair:3:   shoals_dummy_entry, grunt_megastairs_2
Lair:4:   uniq_maud
Lair:5:   minmay_snake_entry_guardpost_medium, grunt_megastairs_4
Lair:6:   minmay_slime_entry_oklob_open
Lair:8:   evilmike_catoblepas_cave, st_stairs_10, pond, lemuel_fruit_fields,
          uniq_nessos
Shoals:2: uniq_frances
Shoals:3: nicolae_shoals_hunting_party
Shoals:4: shoals_end_simple, shoals_ilsuiw_alternative
Snake:1:  st_stairs_9, uniq_aizul
Snake:2:  hangedman_snake_thin_pillar_pass, grunt_ministairs_10,
          nrook_guardian_serpent_double
Snake:3:  nicolae_snake_linked_coils
Snake:4:  minmay_snake_end_coiled
Slime:2:  cheibrodos_slime_lost_civilization_7
Slime:4:  uniq_dissolution
Orc:1:    serial_shops, shop, uniq_nergalle
Orc:2:    uniq_snorg
Orc:3:    portal_ice_cave_entry_ice_beasts, nicolae_orc_pool_cavern
Orc:4:    pf_orc_diabolical, basic_altar, serial_shops, shop
Elf:1:    eino_elf_arrival_customs, minivault_28, lemuel_flamethrower_hall
Elf:3:    minmay_elf_hall_golems, serial_shops, shop, david_greed
Vaults:1: hangedman_vaults_corner_blocks, vaults_room_octagon,
          hangedman_vaults_unwind, hangedman_vaults_restitches,
          ontoclasm_vaults_decontamination, ontoclasm_vaults_pinch,
          vaults_room_door_ring, nicolae_vaults_little_squares_6, serial_shops,
          nicolae_shop_stone
Vaults:2: hangedman_vaults_stretched_pinwheel, ontoclasm_vaults_twist,
          nicolae_vaults_border_crossing, nicolae_vaults_shelves_hall, v_misc_5,
          v_misc_9, hangedman_vaults_stretched_pinwheel,
          nicolae_vaults_shelves_hall, v_misc_8, vaults_room_grid,
          nicolae_vaults_what_the_h, nicolae_vaults_ring_of_whatevers,
          vaults_room_pools
Vaults:3: sword_in_stone, v_pattern_2, nicolae_vaults_ring_of_whatevers,
          vaults_mumra_minichess, v_misc_15, nicolae_vaults_angled_halls,
          nicolae_vaults_little_squares_6, nicolae_vaults_triangles, v_rooms_1,
          minmay_crypt_entry_nasty_monster, ontoclasm_vaults_ring_square,
          v_misc_22, ontoclasm_vaults_ligature, v_misc_29,
          vaults_room_semicircle, nicolae_vaults_little_squares_3,
          hangedman_vaults_snaps, uniq_wiglaf, uniq_jory
Vaults:4: nicolae_vaults_gold_heap, nicolae_vaults_big_angled_halls, v_misc_30,
          hangedman_vaults_river_flow, v_misc_10, vaults_dpeg_encased_lava,
          v_misc_11, v_alt_pattern_1, grunt_vaults_twisty, v_misc_27,
          nicolae_vaults_circle_grid_a, vaults_mumra_chevron,
          ontoclasm_vaults_loading_screen, vaults_room_hallway, uniq_saint_roka
Crypt:1:  st_stairs_9, grunt_crypt_arrival_guarded_gate
Crypt:2:  minmay_shadows, uniq_margery, uniq_mara
Crypt:3:  david_glass_crypt, nicolae_tomb_entry_rubble_hallway
Depths:1: serial_co_window_serial, co_window_paths_a,
          co_window_of_opportunity_a, co_window_of_opportunity_a,
          co_window_paths_a, co_window_corner_a, co_window_corner_a,
          co_window_paths_b, co_window_corner_b, co_window_2corner,
          co_window_of_opportunity_c, glass_columns_a, glass_columns_a,
          pf_hell_entry_tar_river, pan_entry, ice2_lemuel
Depths:2: kennysheep_treasure_stockpile, serial_shops,
          nicolae_shop_temple_entry_statues_fountains,
          pf_vacation_house_of_asmodeus, grunt_decor_one_mirror,
          minmay_misc_feat_tiny
Depths:3: lemuel_ice_statue, enter_ziggurat_e, abyss_entry_small_statue_room,
          rand_demon_pan_entry_7, infiniplex_staircase_zigzag_4, hell_entry
Depths:4: grunt_x_marks_the_spot, pan_entry, serial_glass, glass_columns_a,
          glass_columns_c, glass_columns_a, glass_columns_b, pf_coc_iceberg,
          hangedman_abyss_entry_splay, firewood_loft
Depths:5: grunt_bruiser_brothers, minmay_misc_feat_x, hell_entry,
          minmay_curled_crystal, nicolae_wwwww
Dis:4:    hangedman_player_shredder
Dis:5:    evilmike_ambush
Dis:7:    dis_st
Geh:7:    evilmike_geh
Coc:7:    coc_dpeg
Tar:2:    nicolae_tar_cuneiform_oil
Tar:7:    tar_minmay_river
Zot:2:    lemuel_acid_trip
Zot:4:    nicolae_moth_party
Abyss:1:  evilmike_abyss_exit_3
Abyss:2:  evilmike_abyss_exit_11
Abyss:3:  hangedman_abyss_or_decor_stabs
Abyss:4:  bh_abyss_exit_grid, nicolae_abyss_rune_star_stuff, abyss_furniture_001
Pan:      grunt_pan_zigzag, pan_blood_fountain_small,
          evilmike_mini_pan_branches, evilmike_mini_pan_corridor,
          evilmike_mini_pan_3x3, pan_blood_fountain_2, pan_blood_fountain_small,
          enter_ziggurat_pan_d, cerebov_st, nicolae_pan_sigil_uleosi,
          evilmike_mini_pan_3x3, pan_blood_fountain_small,
          evilmike_mini_pan_possible_glass, evilmike_mini_pan_T,
          evilmike_mini_pan_T, evilmike_mini_pan_thingy,
          pan_blood_fountain_small, evilmike_mini_pan_corridor,
          evilmike_mini_pan_other_thingy, pan_surprise, lom_lobon_st,
          evilmike_mini_pan_diamond, nicolae_pan_lom_lobonic_4,
          evilmike_mini_pan_T, evilmike_mnoleg_eyes, nicolae_pan_glass_arcs,
          rand_demon_4, gloorx_vloq, evilmike_mini_pan_corner,
          pan_blood_fountain, grunt_pan_sceptre, pan_blood_fountain_2,
          evilmike_mini_pan_doors_b, reaverb_pan_squares,
          nicolae_pan_cerebovesque_2, evilmike_mini_pan_doors,
          pan_blood_fountain, rand_demon_4, pan_blood_fountain_2,
          grunt_pan_frozen_over, enter_ziggurat_pan_c,
          nicolae_pan_gloorx_vloqian_2, evilmike_mini_pan_diamond,
          pan_blood_fountain_small, nicolae_pan_mnolegish_2,
          evilmike_mini_pan_pillars, evilmike_mini_pan_other_thingy,
          rand_demon_3, enter_ziggurat_pan_b, nicolae_pan_mnolegish_4,
          rand_demon_5, evilmike_mini_pan_diamond, pan_blood_fountain,
          nicolae_pan_cerebovesque_2, evilmike_mini_pan_diamond,
          evilmike_holy_pan, grunt_pan_zigzag, pan_blood_fountain_small,
          uniq_mennas_pan, evilmike_mini_pan_diamond, evilmike_mini_pan_doors_b,
          pan_blood_fountain, evilmike_mini_pan_layers, nicolae_pan_glass_arcs,
          pan_blood_fountain, pan_blood_fountain_small, pan_disco_hall,
          rand_demon_6, rand_demon_5, nicolae_pan_lom_lobonic_2, rand_demon_4,
          pan_blood_fountain_2, pan_blood_fountain_small
Zig:4:    ziggurat_pillar_centre_c
Zig:7:    ziggurat_pillar_centre_smoke
Zig:8:    ziggurat_pillar_centre_dead_trees
Zig:10:   ziggurat_pillar_centre_oklobs
Zig:17:   ziggurat_pillar_centre_drop
Zig:18:   ziggurat_loot_3
Trove:    trove_library
IceCv:    ice_cave_small_dragons

Action                   |  1- 3 |  4- 6 |  7- 9 | 10-12 | 13-15 | 16-18 | 19-21 | 22-24 | 25-27 || total
-------------------------+-------+-------+-------+-------+-------+-------+-------+-------+-------++-------
Melee: Long sword        |   109 |   183 |   422 |   628 |  2102 |  1394 |   684 |       |       ||  5522
       Double sword      |       |       |       |    97 |       |       |       |       |   183 ||   280
       Falchion          |       |       |       |       |    25 |       |       |       |       ||    25
       Demon blade       |       |       |       |       |       |   535 |  1601 |  1557 |  9284 || 12977
       Eudemon blade     |       |       |       |       |       |       |       |   908 | 10451 || 11359
Throw: Javelin           |       |       |     9 |    37 |    75 |    63 |   129 |    10 |    22 ||   345
       Throwing net      |       |       |       |     3 |     1 |     1 |     1 |       |       ||     6
       Tomahawk          |       |       |       |       |       |    29 |       |       |       ||    29
 Cast: Spectral Weapon   |       |       |       |       |       |       |       |       |    73 ||    73
       Regeneration      |       |       |       |       |       |       |       |       |    12 ||    12
       Haste             |       |       |       |       |       |       |       |       |     9 ||     9
       Deflect Missiles  |       |       |       |       |       |       |       |       |     6 ||     6
       Control Teleport  |       |       |       |       |       |       |       |       |     2 ||     2
Invok: Heroism           |       |       |       |     2 |    17 |    19 |    15 |     8 |       ||    61
       Finesse           |       |       |       |     2 |     4 |     3 |     1 |     2 |     5 ||    17
       Major Destruction |       |       |       |       |       |       |       |       |    29 ||    29
       Greater Servant o |       |       |       |       |       |       |       |       |     4 ||     4
 Abil: Stop Flying       |       |       |       |       |       |     1 |       |     1 |     1 ||     3
       Evoke Flight      |       |       |       |       |       |     1 |       |     1 |     2 ||     4
Evoke: Wand              |       |       |       |       |     4 |    16 |    14 |     7 |    20 ||    61
       Deck              |       |       |       |       |       |       |       |       |     1 ||     1
  Use: Scroll            |       |     3 |    14 |     6 |    17 |    14 |    23 |    10 |   114 ||   201
       Potion            |       |       |       |     3 |     1 |     4 |     5 |     2 |    85 ||   100
 Stab: Invisible         |       |       |       |       |       |       |       |     1 |     2 ||     3
       Held in net/web   |       |       |       |       |       |       |       |     2 |       ||     2
       Distracted        |       |       |       |       |       |       |       |       |    14 ||    14
       Paralysed         |       |       |       |       |       |       |       |       |     3 ||     3
       Confused          |       |       |       |       |       |       |       |       |     1 ||     1
       Petrified         |       |       |       |       |       |       |       |       |     1 ||     1
  Eat: Royal jelly       |       |     1 |       |       |       |     1 |     1 |     1 |    21 ||    25
       Chunk             |       |     2 |     6 |     9 |    39 |    28 |    25 |    21 |    44 ||   174
       Bread ration      |       |     1 |     2 |     4 |       |     2 |     2 |     2 |    24 ||    37
       Beef jerky        |       |       |       |       |     1 |     1 |     4 |     4 |    10 ||    20
       Fruit             |       |       |       |       |     4 |     9 |     4 |     4 |    25 ||    46
       Meat ration       |       |       |       |       |       |     1 |       |     3 |    26 ||    30
       Pizza             |       |       |       |       |       |       |     3 |     1 |    15 ||    19
